Workbook
Name __xlnm.Print_Area_1: 0
Name __xlnm.Print_Titles_1: 0
Name __xlnm_Print_Area_1: 0
Name __xlnm_Print_Titles_1: 0
Name a: "#ref!"
Name CICLOVIA_3: "#ref!"
Name CICLOVIA_3_2: "#ref!"
Name CICLOVIA_3_4: "#ref!"
Name CICLOVIA_3_5: "#ref!"
Name CONCATENAR: CONCATENATE(#REF!," ",#REF!)
Name CP: "#ref!"
Name Dados.Lista.BDI: [2]DADOS!$T$37:$X$37
Name DATABASE: #REF!
Name DATAEMISSAO: #REF!
Name DATART: #REF!
Name e: "#ref!"
Name Edif09: #REF!
Name EMPRESAS: OFFSET([3]Cotações!$B$25,0,0):OFFSET([3]Cotações!$H$29,-1,0)
Name Excel_BuiltIn__FilterDatabase: "#ref!"
Name Excel_BuiltIn_Print_Area_1: "#ref!"
Name Excel_BuiltIn_Print_Area_1_1: "#ref!"
Name Excel_BuiltIn_Print_Area_1_1_1: "#ref!"
Name Excel_BuiltIn_Print_Area_2: "#ref!"
Name Excel_BuiltIn_Print_Area_2_1: "#ref!"
Name Excel_BuiltIn_Print_Area_3: "#ref!"
Name Excel_BuiltIn_Print_Area_3_1: "#ref!"
Name Excel_BuiltIn_Print_Area_3_1_1: "#ref!"
Name Excel_BuiltIn_Print_Area_4: "#ref!"
Name Excel_BuiltIn_Print_Area_4_1: "#ref!"
Name Excel_BuiltIn_Print_Area_5: "#ref!"
Name Excel_BuiltIn_Print_Area_6: "#ref!"
Name Excel_BuiltIn_Print_Area_7: "#ref!"
Name Excel_BuiltIn_Print_Titles_2: "#ref!"
Name Excel_BuiltIn_Print_Titles_2_1: "#ref!"
Name Excel_BuiltIn_Print_Titles_2_1_1: "#ref!"
Name Excel_BuiltIn_Print_Titles_3: "#ref!"
Name Excel_BuiltIn_Print_Titles_3_1: "#ref!"
Name Excel_BuiltIn_Print_Titles_4: "#ref!"
Name Excel_BuiltIn_Print_Titles_5: "#ref!"
Name Excel_BuiltIn_Print_Titles_5_1: "#ref!"
Name Excel_BuiltIn_Print_Titles_6: "#ref!"
Name Excel_BuiltIn_Print_Titles_6_2: "#ref!"
Name Excel_BuiltIn_Print_Titles_6_4: "#ref!"
Name Excel_BuiltIn_Print_Titles_6_5: "#ref!"
Name Excel_BuiltIn_Print_Titles_7: "#ref!"
Name INDICES: [3]Cotações!$B$22:OFFSET([3]Cotações!$I$24,-1,0)
Name Infra09: #REF!
Name LOCALIDADE: #REF!
Name MEMÓRIA: ROUND([4]Planilha!$P1,15-13*[4]Planilha!#REF!)
Name NCOMPOSICOES: 0
Name NCOTACOES: 0
Name NEMPRESAS: 3
Name NINDICES: 1
Name NRELATORIOS: COUNTA([3]Relatórios!$A$1:$A$65536)-2
Name NumerEmpresa: 3
Name NumerIndice: 1
Name Objeto: "Referência"
Name plan6: "#ref!"
Name PO.CustoUnitario: ROUND([5]Planilha!$P1,15-13*[5]Planilha!#REF!)
Name PO.PrecoUnitario: [5]Planilha!$R1

Sheet Entrada de dados
A6: PROCESSO Nº | B6: ORC 001 | C6: <- Preencher
A8: DATA: | B8: 40067 | C8: <- Preencher
A10: ORÇAMENTO Nº | B10: REV01 | C10: <- Preencher
A12: ASSUNTO: | B12: DRAFT | C12: <- Preencher
A14: LOCAL: | B14: 4 ANDAR | C14: <- Preencher
A16: TABELA DE CUSTO DE: | B16: SIRUB e/ou EDIF JAN09
A18: DATA-BASE: | B18: 40057
A20: EVENTUAIS: | B20: 0.1 | C20: <- Indique se houver
A22: SERVIÇOS NOTURNOS: | C22: <- Indique se houver e acrescente na tabela
A24: BDI: | B24: 0.23 | C24: <- Indique

Sheet Infra_Sem Desoneração_JUL24
A1: SECRETARIA DE INFRAESTRUTURA URBANA E OBRAS
A2: CUSTOS UNITÁRIOS DE INFRAESTRUTURA URBANA - SEM DESONERAÇÃO | C2: DATA-BASE: JUL/25
A3: CÓDIGO | B3: DESCRIÇÃO | C3: UNIDADE | D3: CUSTO UNIT R$
A4: 1000000 | B4: TOPOGRAFIA - EQUIPAMENTOS E SERVIÇOS
A5: 1009000 | B5: LEVANTAMENTO PLANIMÉTRICO CADASTRAL | C5: M2 | D5: 0.72
A6: 1010000 | B6: LEVANTAMENTO PLANIALTIMÉTRICO CADASTRAL | C6: M2 | D6: 0.88
A7: 1011000 | B7: LOCAÇÃO DE EIXO DE REFERÊNCIA PARA PROJETO DE VIA PÚBLICA | C7: M | D7: 6.33
A8: 1013000 | B8: NIVELAMENTO DE SEÇÕES TRANSVERSAIS | C8: M/SEC | D8: 3.81
A9: 1014000 | B9: LEVANTAMENTO PLANIMÉTRICO DE VIA PÚBLICA E SEMI-CADASTRO DE IMÓVEIS | C9: M | D9: 6
A10: 1015000 | B10: NIVELAMENTO DO EIXO DE VIA PÚBLICA INCLUSIVE SOLEIRAS, GUIAS E TAMPÕES | C10: M | D10: 5.91
A11: 1016000 | B11: CADASTRO DE GALERIA EXISTENTE | C11: PV | D11: 270.7
A12: 1017000 | B12: ELEMENTOS PARA LOCAÇÃO DE OBRA DE ARTE | C12: M/ EIXO | D12: 8.08
A13: 1018000 | B13: TRANSPORTE DE COTA DE REFERÊNCIA DE NÍVEL | C13: M | D13: 2.71
A14: 1019000 | B14: NIVELAMENTO GEOMÉTRICO NO INTERIOR DA GALERIA | C14: M | D14: 10.84
A15: 1020000 | B15: CADASTRO ESPECIAL DE GALERIA MOLDADA (1:500) | C15: M | D15: 13.61
A16: 1021000 | B16: NIVELAMENTO GEOMÉTRICO DE FUNDO DO CANAL OU CÓRREGO | C16: M | D16: 9.1
... A30: 1037000 | B30: NÍVEL PRECISÃO 0,3 MM/KM, TIPO "LEICA" NA2, ACOPLADO COM GPM3 OU SIMILAR, INCLUSIVE ACESSÓRIOS | C30: H | D30: 6.62
A31: 2000000 | B31: SONDAGENS E ENSAIOS
A32: 2001000 | B32: SONDAGEM MANUAL | C32: . | D32: .
A33: 2001001 | B33: SONDAGEM A TRADO MANUAL | C33: M | D33: 112.9
A34: 2001002 | B34: SONDAGEM COM EXTRAÇÃO DE AMOSTRAS NAS CONDIÇÕES NATURAIS | C34: UN | D34: 190.5
A35: 2002000 | B35: SONDAGEM A PERCUSSÃO | C35: . | D35: .
A36: 2002002 | B36: MOBILIZAÇÃO E INSTALAÇÃO DE 1 EQUIPAMENTO | C36: UN | D36: 752.16
A37: 2002004 | B37: DESLOCAMENTO DE EQUIPAMENTO ENTRE FUROS EM TERRENO PLANO, CONSIDERANDO A DISTÂNCIA ATÉ 100M | C37: UN | D37: 104.74
A38: 2002005 | B38: DESLOCAMENTO DE EQUIPAMENTO ENTRE FUROS EM TERRENO PLANO, CONSIDERANDO A DISTÂNCIA DE 100 À 200M | C38: UN | D38: 209.48
A39: 2002006 | B39: DESLOCAMENTO DE EQUIPAMENTO ENTRE FUROS EM TERRENO PLANO, CONSIDERANDO A DISTÂNCIA ACIMA DE 200M | C39: UN | D39: 314.22
A40: 2002007 | B40: DESLOCAMENTO DE EQUIPAMENTO EM TERRENO ACIDENTADO, CONSIDERANDO A DISTÂNCIA ATÉ 50M | C40: UN | D40: 104.74
A41: 2002008 | B41: DESLOCAMENTO DE EQUIPAMENTO EM TERRENO ACIDENTADO, CONSIDERANDO A DISTÂNCIA ACIMA DE 50M | C41: UN | D41: 183.59
A42: 2002009 | B42: EXECUÇÃO DE PLATAFORMA EM TERRENO ALAGADIÇO OU ACIDENTADO | C42: UN | D42: 230.58
A43: 2002010 | B43: PERFURAÇÃO E EXECUÇÃO DE ENSAIO PENETOMÉTRICO OU DE LAVAGEM POR TEMPO | C43: M | D43: 179.76
A44: 2003000 | B44: SONDAGEM ROTATIVA | C44: . | D44: .
A45: 2003001 | B45: MOBILIZAÇÃO E INSTALAÇÃO DE 1 EQUIPAMENTO, CONSIDERANDO A DISTÂNCIA ATÉ 10KM | C45: UN | D45: 475.39
A46: 2003002 | B46: MOBILIZAÇÃO E INSTALAÇÃO DE 1 EQUIPAMENTO, CONSIDERANDO A DISTÂNCIA DE 10 À 20KM | C46: UN | D46: 744.93
A47: 2003003 | B47: MOBILIZAÇÃO E INSTALAÇÃO DE 1 EQUIPAMENTO, CONSIDERANDO A DISTÂNCIA ACIMA DE 20KM | C47: UN | D47: 1014.46
A48: 2003005 | B48: DESLOCAMENTO DE EQUIPAMENTO ENTRE FUROS EM TERRENO PLANO, CONSIDERANDO A DISTÂNCIA ATÉ 100M | C48: UN | D48: 205.86
A49: 2003006 | B49: DESLOCAMENTO DE EQUIPAMENTO ENTRE FUROS EM TERRENO PLANO, CONSIDERANDO A DISTÂNCIA DE 100 À 200M | C49: UN | D49: 308.8
A50: 2003007 | B50: DESLOCAMENTO DE EQUIPAMENTO ENTRE FUROS EM TERRENO PLANO, CONSIDERANDO A DISTÂNCIA ACIMA DE 200M | C50: UN | D50: 411.73
A51: 2003008 | B51: DESLOCAMENTO DE EQUIPAMENTO ENTRE FUROS EM TERRENO ACIDENTADO, CONSIDERANDO A DISTÂNCIA ATÉ 50M | C51: UN | D51: 205.86
A52: 2003009 | B52: DESLOCAMENTO DE EQUIPAMENTO ENTRE FUROS EM TERRENO ACIDENTADO, CONSIDERANDO A DISTÂNCIA ACIMA DE 50M | C52: UN | D52: 308.8
A53: 2003010 | B53: EXECUÇÃO DE PLATAFORMA EM TERRENO ALAGADIÇO OU ACIDENTADO | C53: UN | D53: 507.43
A54: 2003011 | B54: PERFURAÇÃO EM SOLOS OU ROCHAS DECOMPOSTAS HX | C54: M | D54: 418.97
A55: 2003012 | B55: PERFURAÇÃO EM SOLOS OU ROCHAS DECOMPOSTAS NX | C55: M | D55: 418.49
A56: 2003013 | B56: PERFURAÇÃO EM SOLOS OU ROCHAS DECOMPOSTAS BX | C56: M | D56: 417.82
... A59: 2003016 | B59: PERFURAÇÃO EM ROCHA DURA OU EXTRA-DURA (GRANITOS, GNAISSES, QUARTZITOS E ROCHAS AFINS), ACRÉSCIMO DE... (EM RELAÇÃO AO PREÇO DA PERFURAÇÃO EM SOLOS OU ROCHAS DECOMPOSTAS) | C59: % | D59: 300
A60: 2004000 | B60: POÇOS DE INSPEÇÃO | C60: . | D60: .
A61: 2004001 | B61: EXECUÇÃO DE POÇO COM 1M2 DE ÁREA | C61: M | D61: 117.65
A62: 2004002 | B62: EXECUÇÃO E MATERIAL PARA ESCORAMENTO | C62: M | D62: 657.92
A63: 2004003 | B63: REATERRO DO POÇO | C63: M | D63: 10.35
A64: 2005000 | B64: ENSAIOS "IN SITU" | C64: . | D64: .
A65: 2005003 | B65: INSTALAÇÃO DE MEDIDOR DE NÍVEL D'ÁGUA | C65: M | D65: 141.1
A66: 2005004 | B66: INSTALAÇÃO DE PIEZOMETRO | C66: M | D66: 296.77
A67: 2006000 | B67: ENSAIOS DE LABORATÓRIO | C67: . | D67: .
A68: 2006001 | B68: ENSAIOS DE LABORATÓRIO - UMIDADE NATURAL | C68: ENS. | D68: 35.05
A69: 2006002 | B69: ENSAIOS DE LABORATÓRIO - LIMITE DE LIQUIDEZ | C69: ENS. | D69: 145.49
A70: 2006003 | B70: ENSAIOS DE LABORATÓRIO - PLASTICIDADE | C70: ENS. | D70: 119.25
A71: 2006004 | B71: ENSAIOS DE LABORATÓRIO - COMPACTAÇÃO | C71: ENS. | D71: 368.31
A72: 2006005 | B72: ENSAIOS DE LABORATÓRIO - GRANULOMETRIA | C72: ENS. | D72: 227.87
A73: 2006006 | B73: ENSAIOS DE LABORATÓRIO - PROCTOR SIMPLES | C73: ENS. | D73: 411.3
A74: 2006007 | B74: ENSAIOS DE LABORATÓRIO - CBR MOLDADO | C74: ENS. | D74: 344.41
A75: 2006008 | B75: ENSAIOS DE LABORATÓRIO - ENSAIO DE CBR INDEFORMADO | C75: ENS. | D75: 273.55
A76: 2006009 | B76: ENSAIOS DE LABORATÓRIO - CBR-5 PONTOS (MOLDADO) | C76: ENS. | D76: 932.1
A77: 2006010 | B77: ENSAIOS DE LABORATÓRIO - CBR-5 PONTOS (INDEFORMADO) | C77: ENS. | D77: 698.79
A78: 2006011 | B78: ENSAIOS DE LABORATÓRIO - LOS ANGELES | C78: ENS. | D78: 758.29
A79: 2006013 | B79: ENSAIOS DE LABORATÓRIO - DURABILIDADE | C79: ENS. | D79: 804.35
... A93: 2006109 | B93: ENSAIOS DE LABORATÓRIO - GRANULOMETRIA COM SEDIMENTAÇÃO | C93: UN | D93: 296.17
A94: 3000000 | B94: PROJETOS, ESTUDOS E SERVIÇOS
A95: 3001000 | B95: DIMENSIONAMENTO DE PAVIMENTO | C95: FURO | D95: 148.1
A96: 3002000 | B96: PROJETO EM PLANTA PARA PAVIMENTAÇÃO DE VIA PÚBLICA COM UMA PISTA | C96: M | D96: 1.69
A97: 3003000 | B97: PROJETO EM PERFIL DE PAVIMENTAÇÃO DE VIA PÚBLICA COM UMA PISTA | C97: M | D97: 0.8
A98: 3004000 | B98: PROJETO HIDRÁULICO DE GALERIA PLUVIAL EM TUBOS | C98: M | D98: 5.66
A99: 3005000 | B99: PROJETO HIDRÁULICO DE GALERIA PLUVIAL MOLDADA EXCLUINDO O PROJETO ESTRUTURAL | C99: M | D99: 12.17
A100: 3006000 | B100: PROJETO HIDRÁULICO DE REFORÇO DE GALERIA EXISTENTE, EM TUBOS | C100: M | D100: 5.04
A101: 3007000 | B101: ESTUDO HIDROLÓGICO DE VIA PÚBLICA INTEGRANTE DE PROGRAMA DE PAVIMENTAÇÃO, QUE VIER A DISPENSAR GALERIA OU EXIGÍ-LA MOLDADA | C101: M | D101: 3.85
A102: 3008000 | B102: ESTUDO HIDROLÓGICO DE VIA PÚBLICA INTEGRANTE DE PROGRAMA DE PAVIMENTAÇÃO E PROJETO HIDRÁULICO, SE NECESSÁRIA GALERIA EM TUBOS | C102: M | D102: 5.72
A103: 3009000 | B103: ESTUDO HIDROLÓGICO DE ÁREA ARRUADA | C103: KM2 | D103: 2570.51
A104: 3010000 | B104: ESTUDO HIDROLÓGICO DE ÁREA NÃO ARRUADA | C104: KM2 | D104: 1126.76
A105: 3011000 | B105: ESTUDO HIDRÁULICO DE VIA SITUADA EM ÁREA, OBJETO DE ESTUDO HIDROLÓGICO | C105: M | D105: 3.37
A106: 3012000 | B106: ESTUDO HIDROLÓGICO E VERIFICAÇÃO DA SUFICIÊNCIA DE GALERIA EXISTENTE, EM TUBOS | C106: M | D106: 4.67
... A108: 3014000 | B108: TRANSCRIÇÃO E ADAPTAÇÃO DE SISTEMAS DE DRENAGEM PROJETADOS EM VIAS PÚBLICAS | C108: M | D108: 1.46
A109: 3015000 | B109: CÁLCULO ESTRUTURAL DE CONCRETO ARMADO PARA PONTES, VIADUTOS, MUROS DE ARRIMO E OBRAS CONGÊNERES - PERCENTAGEM A SER APLICADA AO ORÇAMENTO DA PARTE ESTRUTURAL DA OBRA, USANDO OS PREÇOS UNITÁRIOS DA TABELA DE SIURB | C109: . | D109: .
A110: 3015001 | B110: CÁLCULO ESTRUTURAL DE CONCRETO ARMADO PARA PONTES, VIADUTOS, MUROS DE ARRIMO E OBRAS CONGÊNERES - PERCENTAGEM A SER APLICADA AO ORÇAMENTO DA PARTE ESTRUTURAL DA OBRA, USANDO OS PREÇOS UNITÁRIOS DA TABELA DE SMSO - ATÉ 50M3 | C110: % | D110: 6.75
A111: 3015002 | B111: CÁLCULO ESTRUTURAL DE CONCRETO ARMADO PARA PONTES, VIADUTOS, MUROS DE ARRIMO E OBRAS CONGÊNERES - PERCENTAGEM A SER APLICADA AO ORÇAMENTO DA PARTE ESTRUTURAL DA OBRA, USANDO OS PREÇOS UNITÁRIOS DA TABELA DE SMSO - ATÉ 100M3 | C111: % | D111: 6.12
A112: 3015003 | B112: CÁLCULO ESTRUTURAL DE CONCRETO ARMADO PARA PONTES, VIADUTOS, MUROS DE ARRIMO E OBRAS CONGÊNERES - PERCENTAGEM A SER APLICADA AO ORÇAMENTO DA PARTE ESTRUTURAL DA OBRA, USANDO OS PREÇOS UNITÁRIOS DA TABELA DE SMSO - ATÉ 200M3 | C112: % | D112: 5.76
A113: 3015004 | B113: CÁLCULO ESTRUTURAL DE CONCRETO ARMADO PARA PONTES, VIADUTOS, MUROS DE ARRIMO E OBRAS CONGÊNERES - PERCENTAGEM A SER APLICADA AO ORÇAMENTO DA PARTE ESTRUTURAL DA OBRA, USANDO OS PREÇOS UNITÁRIOS DA TABELA DE SMSO - ATÉ 500M3 | C113: % | D113: 5.49
A114: 3015005 | B114: CÁLCULO ESTRUTURAL DE CONCRETO ARMADO PARA PONTES, VIADUTOS, MUROS DE ARRIMO E OBRAS CONGÊNERES - PERCENTAGEM A SER APLICADA AO ORÇAMENTO DA PARTE ESTRUTURAL DA OBRA, USANDO OS PREÇOS UNITÁRIOS DA TABELA DE SMSO - ATÉ 1.000M3 | C114: % | D114: 4.95
A115: 3015006 | B115: CÁLCULO ESTRUTURAL DE CONCRETO ARMADO PARA PONTES, VIADUTOS, MUROS DE ARRIMO E OBRAS CONGÊNERES - PERCENTAGEM A SER APLICADA AO ORÇAMENTO DA PARTE ESTRUTURAL DA OBRA, USANDO OS PREÇOS UNITÁRIOS DA TABELA DE SMSO - ATÉ 2.000M3 | C115: % | D115: 4.5
A116: 3015007 | B116: CÁLCULO ESTRUTURAL DE CONCRETO ARMADO PARA PONTES, VIADUTOS, MUROS DE ARRIMO E OBRAS CONGÊNERES - PERCENTAGEM A SER APLICADA AO ORÇAMENTO DA PARTE ESTRUTURAL DA OBRA, USANDO OS PREÇOS UNITÁRIOS DA TABELA DE SMSO - ATÉ 5.000M3 | C116: % | D116: 4.41
A117: 3015008 | B117: CÁLCULO ESTRUTURAL DE CONCRETO ARMADO PARA PONTES, VIADUTOS, MUROS DE ARRIMO E OBRAS CONGÊNERES - PERCENTAGEM A SER APLICADA AO ORÇAMENTO DA PARTE ESTRUTURAL DA OBRA, USANDO OS PREÇOS UNITÁRIOS DA TABELA DE SMSO - ATÉ 10.000M3 | C117: % | D117: 4.32
A118: 3015009 | B118: CÁLCULO ESTRUTURAL DE CONCRETO ARMADO PARA PONTES, VIADUTOS, MUROS DE ARRIMO E OBRAS CONGÊNERES - PERCENTAGEM A SER APLICADA AO ORÇAMENTO DA PARTE ESTRUTURAL DA OBRA, USANDO OS PREÇOS UNITÁRIOS DA TABELA DE SMSO - ACIMA DE 10.000M3 | C118: % | D118: 4.23
A119: 3016000 | B119: PROJETO ESTRUTURAL DE CONCRETO ARMADO PARA GALERIA MOLDADA, EM MÓDULOS DE 10M DE EXTENSÃO, PODENDO AS FUNDAÇÕES SEREM DIRETAS, SOBRE ESTACAS OU AMBAS AS SOLUÇÕES, APLICA-SE OS PERCENTUAIS DO ITEM 3.15 PARA MÓDULO; PARA REPETIÇÃO DE MÓDULOS ADOTA-SE: | C119: . | D119: .
A120: 3016001 | B120: PROJETO ESTRUTURAL DE CONCRETO ARMADO PARA GALERIA MOLDADA, EM MÓDULOS DE 10M DE EXTENSÃO, PODENDO AS FUNDAÇÕES SEREM DIRETAS, SOBRE ESTACAS OU AMBAS AS SOLUÇÕES, APLICA-SE OS PERCENTUAIS DO ITEM 3.15 PARA MÓDULO; PARA REPETIÇÃO DE MÓDULOS ADOTA-SE 1 A 5 REPETIÇÕES | C120: % | D120: 25N
A121: 3016002 | B121: PROJETO ESTRUTURAL DE CONCRETO ARMADO PARA GALERIA MOLDADA, EM MÓDULOS DE 10M DE EXTENSÃO, PODENDO AS FUNDAÇÕES SEREM DIRETAS, SOBRE ESTACAS OU AMBAS AS SOLUÇÕES, APLICA-SE OS PERCENTUAIS DO ITEM 3.15 PARA MÓDULO; PARA REPETIÇÃO DE MÓDULOS ADOTA-SE 6 A 10 REPETIÇÕES | C121: % | D121: 25+20N
A122: 3016003 | B122: PROJETO ESTRUTURAL DE CONCRETO ARMADO PARA GALERIA MOLDADA, EM MÓDULOS DE 10M DE EXTENSÃO, PODENDO AS FUNDAÇÕES SEREM DIRETAS, SOBRE ESTACAS OU AMBAS AS SOLUÇÕES, APLICA-SE OS PERCENTUAIS DO ITEM 3.15 PARA MÓDULO; PARA REPETIÇÃO DE MÓDULOS ADOTA-SE 11 A 20 REPETIÇÕES | C122: % | D122: 75+15N
A123: 3016004 | B123: PROJETO ESTRUTURAL DE CONCRETO ARMADO PARA GALERIA MOLDADA, EM MÓDULOS DE 10M DE EXTENSÃO, PODENDO AS FUNDAÇÕES SEREM DIRETAS, SOBRE ESTACAS OU AMBAS AS SOLUÇÕES, APLICA-SE OS PERCENTUAIS DO ITEM 3.15 PARA MÓDULO; PARA REPETIÇÃO DE MÓDULOS ADOTA-SE 21 A 40 REPETIÇÕES | C123: % | D123: 175+10N
A124: 3016005 | B124: PROJETO ESTRUTURAL DE CONCRETO ARMADO PARA GALERIA MOLDADA, EM MÓDULOS DE 10M DE EXTENSÃO, PODENDO AS FUNDAÇÕES SEREM DIRETAS, SOBRE ESTACAS OU AMBAS AS SOLUÇÕES, APLICA-SE OS PERCENTUAIS DO ITEM 3.15 PARA MÓDULO; PARA REPETIÇÃO DE MÓDULOS ADOTA-SE 41 EM DIANTE | C124: % | D124: 375+5N
A125: 3019000 | B125: PLANILHA DE QUANTIDADE DE SERVIÇOS DE VIAS DO PROGRAMA DE PAVIMENTAÇÃO | C125: M/VIA | D125: 3.3
A126: 3020000 | B126: CÓPIA XEROX EM TAMANHO OFÍCIO, UMA FACE, PRETO E BRANCO | C126: UN | D126: 1.58
A127: 3020001 | B127: CÓPIA XEROX TAMANHO OFÍCIO UMA FACE COLORIDA | C127: UN | D127: 2.42
A128: 3020002 | B128: CÓPIA XEROX TAMANHO A3 UMA FACE-PRETO E BRANCO | C128: UN | D128: 1.8
A129: 3020003 | B129: CÓPIA XEROX TAMANHO A3 UMA FACE COLORIDA | C129: UN | D129: 5.57
...

Sheet Infra_Com Desoneração_JUL24
A1: SECRETARIA DE INFRAESTRUTURA URBANA E OBRAS
A2: CUSTOS UNITÁRIOS DE INFRAESTRUTURA URBANA - COM DESONERAÇÃO | C2: DATA-BASE: JUL/25
A3: CÓDIGO | B3: DESCRIÇÃO | C3: UNIDADE | D3: CUSTO UNIT R$
A4: 1000000 | B4: TOPOGRAFIA - EQUIPAMENTOS E SERVIÇOS
A5: 1009000 | B5: LEVANTAMENTO PLANIMÉTRICO CADASTRAL | C5: M2 | D5: 0.72
A6: 1010000 | B6: LEVANTAMENTO PLANIALTIMÉTRICO CADASTRAL | C6: M2 | D6: 0.88
A7: 1011000 | B7: LOCAÇÃO DE EIXO DE REFERÊNCIA PARA PROJETO DE VIA PÚBLICA | C7: M | D7: 6.32
A8: 1013000 | B8: NIVELAMENTO DE SEÇÕES TRANSVERSAIS | C8: M/SEC | D8: 3.81
A9: 1014000 | B9: LEVANTAMENTO PLANIMÉTRICO DE VIA PÚBLICA E SEMI-CADASTRO DE IMÓVEIS | C9: M | D9: 6
A10: 1015000 | B10: NIVELAMENTO DO EIXO DE VIA PÚBLICA INCLUSIVE SOLEIRAS, GUIAS E TAMPÕES | C10: M | D10: 5.91
A11: 1016000 | B11: CADASTRO DE GALERIA EXISTENTE | C11: PV | D11: 270.7
A12: 1017000 | B12: ELEMENTOS PARA LOCAÇÃO DE OBRA DE ARTE | C12: M/ EIXO | D12: 8.08
A13: 1018000 | B13: TRANSPORTE DE COTA DE REFERÊNCIA DE NÍVEL | C13: M | D13: 2.71
A14: 1019000 | B14: NIVELAMENTO GEOMÉTRICO NO INTERIOR DA GALERIA | C14: M | D14: 10.84
A15: 1020000 | B15: CADASTRO ESPECIAL DE GALERIA MOLDADA (1:500) | C15: M | D15: 13.61
A16: 1021000 | B16: NIVELAMENTO GEOMÉTRICO DE FUNDO DO CANAL OU CÓRREGO | C16: M | D16: 9.1
... A30: 1037000 | B30: NÍVEL PRECISÃO 0,3 MM/KM, TIPO "LEICA" NA2, ACOPLADO COM GPM3 OU SIMILAR, INCLUSIVE ACESSÓRIOS | C30: H | D30: 6.62
A31: 2000000 | B31: SONDAGENS E ENSAIOS
A32: 2001000 | B32: SONDAGEM MANUAL | C32: . | D32: .
A33: 2001001 | B33: SONDAGEM A TRADO MANUAL | C33: M | D33: 109.81
A34: 2001002 | B34: SONDAGEM COM EXTRAÇÃO DE AMOSTRAS NAS CONDIÇÕES NATURAIS | C34: UN | D34: 184.92
A35: 2002000 | B35: SONDAGEM A PERCUSSÃO | C35: . | D35: .
A36: 2002002 | B36: MOBILIZAÇÃO E INSTALAÇÃO DE 1 EQUIPAMENTO | C36: UN | D36: 729.13
A37: 2002004 | B37: DESLOCAMENTO DE EQUIPAMENTO ENTRE FUROS EM TERRENO PLANO, CONSIDERANDO A DISTÂNCIA ATÉ 100M | C37: UN | D37: 100.58
A38: 2002005 | B38: DESLOCAMENTO DE EQUIPAMENTO ENTRE FUROS EM TERRENO PLANO, CONSIDERANDO A DISTÂNCIA DE 100 À 200M | C38: UN | D38: 201.17
A39: 2002006 | B39: DESLOCAMENTO DE EQUIPAMENTO ENTRE FUROS EM TERRENO PLANO, CONSIDERANDO A DISTÂNCIA ACIMA DE 200M | C39: UN | D39: 301.76
A40: 2002007 | B40: DESLOCAMENTO DE EQUIPAMENTO EM TERRENO ACIDENTADO, CONSIDERANDO A DISTÂNCIA ATÉ 50M | C40: UN | D40: 100.58
A41: 2002008 | B41: DESLOCAMENTO DE EQUIPAMENTO EM TERRENO ACIDENTADO, CONSIDERANDO A DISTÂNCIA ACIMA DE 50M | C41: UN | D41: 177.36
A42: 2002009 | B42: EXECUÇÃO DE PLATAFORMA EM TERRENO ALAGADIÇO OU ACIDENTADO | C42: UN | D42: 216.96
A43: 2002010 | B43: PERFURAÇÃO E EXECUÇÃO DE ENSAIO PENETOMÉTRICO OU DE LAVAGEM POR TEMPO | C43: M | D43: 176.59
A44: 2003000 | B44: SONDAGEM ROTATIVA | C44: . | D44: .
A45: 2003001 | B45: MOBILIZAÇÃO E INSTALAÇÃO DE 1 EQUIPAMENTO, CONSIDERANDO A DISTÂNCIA ATÉ 10KM | C45: UN | D45: 459.73
A46: 2003002 | B46: MOBILIZAÇÃO E INSTALAÇÃO DE 1 EQUIPAMENTO, CONSIDERANDO A DISTÂNCIA DE 10 À 20KM | C46: UN | D46: 721.9
A47: 2003003 | B47: MOBILIZAÇÃO E INSTALAÇÃO DE 1 EQUIPAMENTO, CONSIDERANDO A DISTÂNCIA ACIMA DE 20KM | C47: UN | D47: 984.07
A48: 2003005 | B48: DESLOCAMENTO DE EQUIPAMENTO ENTRE FUROS EM TERRENO PLANO, CONSIDERANDO A DISTÂNCIA ATÉ 100M | C48: UN | D48: 197.56
A49: 2003006 | B49: DESLOCAMENTO DE EQUIPAMENTO ENTRE FUROS EM TERRENO PLANO, CONSIDERANDO A DISTÂNCIA DE 100 À 200M | C49: UN | D49: 296.34
A50: 2003007 | B50: DESLOCAMENTO DE EQUIPAMENTO ENTRE FUROS EM TERRENO PLANO, CONSIDERANDO A DISTÂNCIA ACIMA DE 200M | C50: UN | D50: 395.12
A51: 2003008 | B51: DESLOCAMENTO DE EQUIPAMENTO ENTRE FUROS EM TERRENO ACIDENTADO, CONSIDERANDO A DISTÂNCIA ATÉ 50M | C51: UN | D51: 197.56
A52: 2003009 | B52: DESLOCAMENTO DE EQUIPAMENTO ENTRE FUROS EM TERRENO ACIDENTADO, CONSIDERANDO A DISTÂNCIA ACIMA DE 50M | C52: UN | D52: 296.34
A53: 2003010 | B53: EXECUÇÃO DE PLATAFORMA EM TERRENO ALAGADIÇO OU ACIDENTADO | C53: UN | D53: 480.18
A54: 2003011 | B54: PERFURAÇÃO EM SOLOS OU ROCHAS DECOMPOSTAS HX | C54: M | D54: 415.22
A55: 2003012 | B55: PERFURAÇÃO EM SOLOS OU ROCHAS DECOMPOSTAS NX | C55: M | D55: 414.73
A56: 2003013 | B56: PERFURAÇÃO EM SOLOS OU ROCHAS DECOMPOSTAS BX | C56: M | D56: 414.07
... A59: 2003016 | B59: PERFURAÇÃO EM ROCHA DURA OU EXTRA-DURA (GRANITOS, GNAISSES, QUARTZITOS E ROCHAS AFINS), ACRÉSCIMO DE... (EM RELAÇÃO AO PREÇO DA PERFURAÇÃO EM SOLOS OU ROCHAS DECOMPOSTAS) | C59: % | D59: 300
A60: 2004000 | B60: POÇOS DE INSPEÇÃO | C60: . | D60: .
A61: 2004001 | B61: EXECUÇÃO DE POÇO COM 1M2 DE ÁREA | C61: M | D61: 112.9
A62: 2004002 | B62: EXECUÇÃO E MATERIAL PARA ESCORAMENTO | C62: M | D62: 627.93
A63: 2004003 | B63: REATERRO DO POÇO | C63: M | D63: 9.52
A64: 2005000 | B64: ENSAIOS "IN SITU" | C64: . | D64: .
A65: 2005003 | B65: INSTALAÇÃO DE MEDIDOR DE NÍVEL D'ÁGUA | C65: M | D65: 139.41
A66: 2005004 | B66: INSTALAÇÃO DE PIEZOMETRO | C66: M | D66: 289.83
A67: 2006000 | B67: ENSAIOS DE LABORATÓRIO | C67: . | D67: .
A68: 2006001 | B68: ENSAIOS DE LABORATÓRIO - UMIDADE NATURAL | C68: ENS. | D68: 35.05
A69: 2006002 | B69: ENSAIOS DE LABORATÓRIO - LIMITE DE LIQUIDEZ | C69: ENS. | D69: 145.49
A70: 2006003 | B70: ENSAIOS DE LABORATÓRIO - PLASTICIDADE | C70: ENS. | D70: 119.25
A71: 2006004 | B71: ENSAIOS DE LABORATÓRIO - COMPACTAÇÃO | C71: ENS. | D71: 368.31
A72: 2006005 | B72: ENSAIOS DE LABORATÓRIO - GRANULOMETRIA | C72: ENS. | D72: 227.87
A73: 2006006 | B73: ENSAIOS DE LABORATÓRIO - PROCTOR SIMPLES | C73: ENS. | D73: 411.3
A74: 2006007 | B74: ENSAIOS DE LABORATÓRIO - CBR MOLDADO | C74: ENS. | D74: 344.41
A75: 2006008 | B75: ENSAIOS DE LABORATÓRIO - ENSAIO DE CBR INDEFORMADO | C75: ENS. | D75: 273.55
A76: 2006009 | B76: ENSAIOS DE LABORATÓRIO - CBR-5 PONTOS (MOLDADO) | C76: ENS. | D76: 932.1
A77: 2006010 | B77: ENSAIOS DE LABORATÓRIO - CBR-5 PONTOS (INDEFORMADO) | C77: ENS. | D77: 698.79
A78: 2006011 | B78: ENSAIOS DE LABORATÓRIO - LOS ANGELES | C78: ENS. | D78: 758.29
A79: 2006013 | B79: ENSAIOS DE LABORATÓRIO - DURABILIDADE | C79: ENS. | D79: 804.35
... A93: 2006109 | B93: ENSAIOS DE LABORATÓRIO - GRANULOMETRIA COM SEDIMENTAÇÃO | C93: UN | D93: 296.17
A94: 3000000 | B94: PROJETOS, ESTUDOS E SERVIÇOS
A95: 3001000 | B95: DIMENSIONAMENTO DE PAVIMENTO | C95: FURO | D95: 148.1
A96: 3002000 | B96: PROJETO EM PLANTA PARA PAVIMENTAÇÃO DE VIA PÚBLICA COM UMA PISTA | C96: M | D96: 1.69
A97: 3003000 | B97: PROJETO EM PERFIL DE PAVIMENTAÇÃO DE VIA PÚBLICA COM UMA PISTA | C97: M | D97: 0.8
A98: 3004000 | B98: PROJETO HIDRÁULICO DE GALERIA PLUVIAL EM TUBOS | C98: M | D98: 5.66
A99: 3005000 | B99: PROJETO HIDRÁULICO DE GALERIA PLUVIAL MOLDADA EXCLUINDO O PROJETO ESTRUTURAL | C99: M | D99: 12.17
A100: 3006000 | B100: PROJETO HIDRÁULICO DE REFORÇO DE GALERIA EXISTENTE, EM TUBOS | C100: M | D100: 5.04
A101: 3007000 | B101: ESTUDO HIDROLÓGICO DE VIA PÚBLICA INTEGRANTE DE PROGRAMA DE PAVIMENTAÇÃO, QUE VIER A DISPENSAR GALERIA OU EXIGÍ-LA MOLDADA | C101: M | D101: 3.85
A102: 3008000 | B102: ESTUDO HIDROLÓGICO DE VIA PÚBLICA INTEGRANTE DE PROGRAMA DE PAVIMENTAÇÃO E PROJETO HIDRÁULICO, SE NECESSÁRIA GALERIA EM TUBOS | C102: M | D102: 5.72
A103: 3009000 | B103: ESTUDO HIDROLÓGICO DE ÁREA ARRUADA | C103: KM2 | D103: 2570.51
A104: 3010000 | B104: ESTUDO HIDROLÓGICO DE ÁREA NÃO ARRUADA | C104: KM2 | D104: 1126.76
A105: 3011000 | B105: ESTUDO HIDRÁULICO DE VIA SITUADA EM ÁREA, OBJETO DE ESTUDO HIDROLÓGICO | C105: M | D105: 3.37
A106: 3012000 | B106: ESTUDO HIDROLÓGICO E VERIFICAÇÃO DA SUFICIÊNCIA DE GALERIA EXISTENTE, EM TUBOS | C106: M | D106: 4.67
... A108: 3014000 | B108: TRANSCRIÇÃO E ADAPTAÇÃO DE SISTEMAS DE DRENAGEM PROJETADOS EM VIAS PÚBLICAS | C108: M | D108: 1.46
A109: 3015000 | B109: CÁLCULO ESTRUTURAL DE CONCRETO ARMADO PARA PONTES, VIADUTOS, MUROS DE ARRIMO E OBRAS CONGÊNERES - PERCENTAGEM A SER APLICADA AO ORÇAMENTO DA PARTE ESTRUTURAL DA OBRA, USANDO OS PREÇOS UNITÁRIOS DA TABELA DE SIURB | C109: . | D109: .
A110: 3015001 | B110: CÁLCULO ESTRUTURAL DE CONCRETO ARMADO PARA PONTES, VIADUTOS, MUROS DE ARRIMO E OBRAS CONGÊNERES - PERCENTAGEM A SER APLICADA AO ORÇAMENTO DA PARTE ESTRUTURAL DA OBRA, USANDO OS PREÇOS UNITÁRIOS DA TABELA DE SMSO - ATÉ 50M3 | C110: % | D110: 6.75
A111: 3015002 | B111: CÁLCULO ESTRUTURAL DE CONCRETO ARMADO PARA PONTES, VIADUTOS, MUROS DE ARRIMO E OBRAS CONGÊNERES - PERCENTAGEM A SER APLICADA AO ORÇAMENTO DA PARTE ESTRUTURAL DA OBRA, USANDO OS PREÇOS UNITÁRIOS DA TABELA DE SMSO - ATÉ 100M3 | C111: % | D111: 6.12
A112: 3015003 | B112: CÁLCULO ESTRUTURAL DE CONCRETO ARMADO PARA PONTES, VIADUTOS, MUROS DE ARRIMO E OBRAS CONGÊNERES - PERCENTAGEM A SER APLICADA AO ORÇAMENTO DA PARTE ESTRUTURAL DA OBRA, USANDO OS PREÇOS UNITÁRIOS DA TABELA DE SMSO - ATÉ 200M3 | C112: % | D112: 5.76
A113: 3015004 | B113: CÁLCULO ESTRUTURAL DE CONCRETO ARMADO PARA PONTES, VIADUTOS, MUROS DE ARRIMO E OBRAS CONGÊNERES - PERCENTAGEM A SER APLICADA AO ORÇAMENTO DA PARTE ESTRUTURAL DA OBRA, USANDO OS PREÇOS UNITÁRIOS DA TABELA DE SMSO - ATÉ 500M3 | C113: % | D113: 5.49
A114: 3015005 | B114: CÁLCULO ESTRUTURAL DE CONCRETO ARMADO PARA PONTES, VIADUTOS, MUROS DE ARRIMO E OBRAS CONGÊNERES - PERCENTAGEM A SER APLICADA AO ORÇAMENTO DA PARTE ESTRUTURAL DA OBRA, USANDO OS PREÇOS UNITÁRIOS DA TABELA DE SMSO - ATÉ 1.000M3 | C114: % | D114: 4.95
A115: 3015006 | B115: CÁLCULO ESTRUTURAL DE CONCRETO ARMADO PARA PONTES, VIADUTOS, MUROS DE ARRIMO E OBRAS CONGÊNERES - PERCENTAGEM A SER APLICADA AO ORÇAMENTO DA PARTE ESTRUTURAL DA OBRA, USANDO OS PREÇOS UNITÁRIOS DA TABELA DE SMSO - ATÉ 2.000M3 | C115: % | D115: 4.5
A116: 3015007 | B116: CÁLCULO ESTRUTURAL DE CONCRETO ARMADO PARA PONTES, VIADUTOS, MUROS DE ARRIMO E OBRAS CONGÊNERES - PERCENTAGEM A SER APLICADA AO ORÇAMENTO DA PARTE ESTRUTURAL DA OBRA, USANDO OS PREÇOS UNITÁRIOS DA TABELA DE SMSO - ATÉ 5.000M3 | C116: % | D116: 4.41
A117: 3015008 | B117: CÁLCULO ESTRUTURAL DE CONCRETO ARMADO PARA PONTES, VIADUTOS, MUROS DE ARRIMO E OBRAS CONGÊNERES - PERCENTAGEM A SER APLICADA AO ORÇAMENTO DA PARTE ESTRUTURAL DA OBRA, USANDO OS PREÇOS UNITÁRIOS DA TABELA DE SMSO - ATÉ 10.000M3 | C117: % | D117: 4.32
A118: 3015009 | B118: CÁLCULO ESTRUTURAL DE CONCRETO ARMADO PARA PONTES, VIADUTOS, MUROS DE ARRIMO E OBRAS CONGÊNERES - PERCENTAGEM A SER APLICADA AO ORÇAMENTO DA PARTE ESTRUTURAL DA OBRA, USANDO OS PREÇOS UNITÁRIOS DA TABELA DE SMSO - ACIMA DE 10.000M3 | C118: % | D118: 4.23
A119: 3016000 | B119: PROJETO ESTRUTURAL DE CONCRETO ARMADO PARA GALERIA MOLDADA, EM MÓDULOS DE 10M DE EXTENSÃO, PODENDO AS FUNDAÇÕES SEREM DIRETAS, SOBRE ESTACAS OU AMBAS AS SOLUÇÕES, APLICA-SE OS PERCENTUAIS DO ITEM 3.15 PARA MÓDULO; PARA REPETIÇÃO DE MÓDULOS ADOTA-SE: | C119: . | D119: .
A120: 3016001 | B120: PROJETO ESTRUTURAL DE CONCRETO ARMADO PARA GALERIA MOLDADA, EM MÓDULOS DE 10M DE EXTENSÃO, PODENDO AS FUNDAÇÕES SEREM DIRETAS, SOBRE ESTACAS OU AMBAS AS SOLUÇÕES, APLICA-SE OS PERCENTUAIS DO ITEM 3.15 PARA MÓDULO; PARA REPETIÇÃO DE MÓDULOS ADOTA-SE 1 A 5 REPETIÇÕES | C120: % | D120: 25N
A121: 3016002 | B121: PROJETO ESTRUTURAL DE CONCRETO ARMADO PARA GALERIA MOLDADA, EM MÓDULOS DE 10M DE EXTENSÃO, PODENDO AS FUNDAÇÕES SEREM DIRETAS, SOBRE ESTACAS OU AMBAS AS SOLUÇÕES, APLICA-SE OS PERCENTUAIS DO ITEM 3.15 PARA MÓDULO; PARA REPETIÇÃO DE MÓDULOS ADOTA-SE 6 A 10 REPETIÇÕES | C121: % | D121: 25+20N
A122: 3016003 | B122: PROJETO ESTRUTURAL DE CONCRETO ARMADO PARA GALERIA MOLDADA, EM MÓDULOS DE 10M DE EXTENSÃO, PODENDO AS FUNDAÇÕES SEREM DIRETAS, SOBRE ESTACAS OU AMBAS AS SOLUÇÕES, APLICA-SE OS PERCENTUAIS DO ITEM 3.15 PARA MÓDULO; PARA REPETIÇÃO DE MÓDULOS ADOTA-SE 11 A 20 REPETIÇÕES | C122: % | D122: 75+15N
A123: 3016004 | B123: PROJETO ESTRUTURAL DE CONCRETO ARMADO PARA GALERIA MOLDADA, EM MÓDULOS DE 10M DE EXTENSÃO, PODENDO AS FUNDAÇÕES SEREM DIRETAS, SOBRE ESTACAS OU AMBAS AS SOLUÇÕES, APLICA-SE OS PERCENTUAIS DO ITEM 3.15 PARA MÓDULO; PARA REPETIÇÃO DE MÓDULOS ADOTA-SE 21 A 40 REPETIÇÕES | C123: % | D123: 175+10N
A124: 3016005 | B124: PROJETO ESTRUTURAL DE CONCRETO ARMADO PARA GALERIA MOLDADA, EM MÓDULOS DE 10M DE EXTENSÃO, PODENDO AS FUNDAÇÕES SEREM DIRETAS, SOBRE ESTACAS OU AMBAS AS SOLUÇÕES, APLICA-SE OS PERCENTUAIS DO ITEM 3.15 PARA MÓDULO; PARA REPETIÇÃO DE MÓDULOS ADOTA-SE 41 EM DIANTE | C124: % | D124: 375+5N
A125: 3019000 | B125: PLANILHA DE QUANTIDADE DE SERVIÇOS DE VIAS DO PROGRAMA DE PAVIMENTAÇÃO | C125: M/VIA | D125: 3.3
A126: 3020000 | B126: CÓPIA XEROX EM TAMANHO OFÍCIO, UMA FACE, PRETO E BRANCO | C126: UN | D126: 1.58
A127: 3020001 | B127: CÓPIA XEROX TAMANHO OFÍCIO UMA FACE COLORIDA | C127: UN | D127: 2.42
A128: 3020002 | B128: CÓPIA XEROX TAMANHO A3 UMA FACE-PRETO E BRANCO | C128: UN | D128: 1.8
A129: 3020003 | B129: CÓPIA XEROX TAMANHO A3 UMA FACE COLORIDA | C129: UN | D129: 5.57
...

Sheet Edif_Sem Desoneração_JUL24
A1: SECRETARIA DE INFRAESTRUTURA URBANA E OBRAS
A2: CUSTOS UNITÁRIOS DE EDIFICAÇÕES - SEM DESONERAÇÃO | C2: DATA-BASE: JUL/25
A3: CÓDIGO | B3: DESCRIÇÃO | C3: UNIDADE | D3: CUSTO UNIT R$
A4: 1000000 | B4: SERVICOS PRELIMINARES
A5: 1001000 | B5: LIMPEZA DO TERRENO | C5: . | D5: .
A6: 1001001 | B6: LIMPEZA MECANIZADA GERAL, INCLUSIVE REMOÇÃO DA COBERTURA VEGETAL - TRONCOS COM DIÂMETRO ATÉ 10CM - SEM TRANSPORTE | C6: M2 | D6: 1.76
A7: 1001002 | B7: DESTOCAMENTO, INCLUSIVE REMOÇÃO DAS RAÍZES - DIÂMETROS DE 10,01 À 30CM | C7: UN | D7: 57.61
A8: 1001003 | B8: DESTOCAMENTO, INCLUSIVE REMOÇÃO DAS RAÍZES - DIÂMETRO 30,01 À 50 CM | C8: UN | D8: 160.16
A9: 1001004 | B9: DESTOCAMENTO, INCLUSIVE REMOÇÃO DAS RAÍZES - DIÂMETROS MAIORES QUE 50 CM | C9: UN | D9: 190.8
A10: 1001005 | B10: CARGA MECANIZADA E REMOÇÃO DE ENTULHO, INCLUSIVE TRANSPORTE ATÉ 1KM | C10: M3 | D10: 12.21
A11: 1001006 | B11: CARGA MANUAL E REMOÇÃO DE ENTULHO, INCLUSIVE TRANSPORTE ATÉ 1 KM | C11: M3 | D11: 54.3
A12: 1001007 | B12: REMOÇÃO DE ENTULHO COM CAÇAMBA METÁLICA, INCLUSIVE CARGA MANUAL E DESCARGA EM BOTA-FORA | C12: M3 | D12: 163.19
A13: 1001008 | B13: LIMPEZA MANUAL GERAL INCLUSIVE REMOÇÃO DE COBERTURA VEGETAL - TRONCO ATÉ 10CM - SEM TRANSPORTE | C13: M2 | D13: 6.47
A14: 1001009 | B14: DESTOCAMENTO MANUAL, INCLUSIVE REMOÇÃO DE RAÍZES - DIÂMETRO 10,01 À 30 CM | C14: UN | D14: 77.67
A15: 1001010 | B15: TRANSPORTE DE ENTULHO POR CAMINHÃO BASCULANTE, A PARTIR DE 1KM | C15: M3XKM | D15: 1.7
A16: 1001020 | B16: CORTE, RECORTE E REMOÇÃO DE ÁRVORES INCLUSIVE RAIZES DIÂM. > 5 E < 15CM | C16: UN | D16: 234.21
A17: 1001021 | B17: CORTE, RECORTE E REMOÇÃO DE ÁRVORES INCLUSIVE RAIZES DIÂM. > 15 E < 30CM | C17: UN | D17: 585.88
... A20: 1001024 | B20: CORTE, RECORTE E REMOÇÃO DE ÁRVORES INCLUSIVE RAIZES DIÂM. > 90CM | C20: UN | D20: 1025.29
A21: 1002000 | B21: MOVIMENTO DE TERRA MANUAL | C21: . | D21: .
A22: 1002001 | B22: CORTE | C22: M3 | D22: 51.78
A23: 1002002 | B23: CORTE E ESPALHAMENTO DENTRO DA OBRA | C23: M3 | D23: 64.73
A24: 1002005 | B24: ATERRO, INCLUSIVE COMPACTAÇÃO MANUAL | C24: M3 | D24: 46.09
A25: 1002010 | B25: CARGA MECANIZADA E REMOÇÃO DE TERRA, INCLUSIVE TRANSPORTE ATÉ 1KM | C25: M3 | D25: 17.35
A26: 1002011 | B26: CARGA MANUAL E REMOÇÃO DE TERRA, INCLUSIVE TRANSPORTE ATÉ 1 KM | C26: M3 | D26: 42.85
A27: 1003000 | B27: MOVIMENTO DE TERRA MECANIZADO | C27: . | D27: .
A28: 1003001 | B28: CORTE E ESPALHAMENTO DENTRO DA OBRA | C28: M3 | D28: 17.58
A29: 1003002 | B29: CORTE E ATERRO COMPACTADO | C29: M3 | D29: 20.82
A30: 1003003 | B30: CORTE E CARREGAMENTO PARA BOTA-FORA, INCLUSIVE TRANSPORTE ATÉ 1KM | C30: M3 | D30: 28.55
A31: 1003005 | B31: FORNECIMENTO DE TERRA, INCLUSIVE CORTE, CARGA, DESCARGA E TRANSPORTE ATÉ 1KM | C31: M3 | D31: 32.21
A32: 1003006 | B32: ATERRO, INCLUSIVE COMPACTAÇÃO | C32: M3 | D32: 8.02
A33: 1003010 | B33: TRANSPORTE DE TERRA POR CAMINHÃO BASCULANTE, A PARTIR DE 1KM | C33: M3XKM | D33: 3.03
A34: 1004000 | B34: DRENAGEM DO TERRENO | C34: . | D34: .
A35: 1004001 | B35: ESCAVAÇÃO MANUAL, PROFUNDIDADE IGUAL OU INFERIOR A 1,50M | C35: M3 | D35: 82.59
A36: 1004002 | B36: ESCAVAÇÃO MANUAL, PROFUNDIDADE SUPERIOR A 1,50M | C36: M3 | D36: 90.62
A37: 1004005 | B37: ESCORAMENTO DE VALAS, CONTINUO | C37: M2 | D37: 135.07
A38: 1004006 | B38: ESCORAMENTO DE VALAS, DESCONTINUO | C38: M2 | D38: 77.9
A39: 1004010 | B39: APILOAMENTO DO FUNDO DE VALAS, PARA SIMPLES REGULARIZAÇÃO | C39: M2 | D39: 6.47
A40: 1004014 | B40: LASTRO DE AGREGADO RECICLADO | C40: M3 | D40: 152.04
A41: 1004015 | B41: LASTRO DE BRITA | C41: M3 | D41: 237.75
A42: 1004016 | B42: LASTRO DE CONCRETO, 150KG CIM/M3 | C42: M3 | D42: 555.14
A43: 1004017 | B43: LASTRO DE CONCRETO COM AGREGADO RECICLADO, 150 KG CIM/M3 | C43: M3 | D43: 486.15
A44: 1004020 | B44: HD.23 - TUBO DE PEAD CORRUGADO E PERFURADOPARA DRENAGEM - DIÂMETRO 2,5" (EM ACORDO COM AS NORMAS DNIT 093/06, NBR 15073 E NBR 14692) | C44: M | D44: 17.5
A45: 1004021 | B45: HD.23 - TUBO DE PEAD CORRUGADO E PERFURADOPARA DRENAGEM - DIÂMETRO 3,0" (EM ACORDO COM AS NORMAS DNIT 093/06, NBR 15073 E NBR 14692) | C45: M | D45: 18.27
A46: 1004022 | B46: HD.23 - TUBO DE PEAD CORRUGADO E PERFURADOPARA DRENAGEM - DIÂMETRO 4,0" (EM ACORDO COM AS NORMAS DNIT 093/06, NBR 15073 E NBR 14692) | C46: M | D46: 21.17
... A68: 1004080 | B68: REATERRO DE VALAS, INCLUSIVE COMPACTAÇÃO | C68: M3 | D68: 17.2
A69: 1005000 | B69: TAPUMES | C69: . | D69: .
A70: 1005001 | B70: TAPUME CHAPA COMPENSADA 6MM | C70: M2 | D70: 89.08
A71: 1005002 | B71: TAPUME CHAPA COMPENSADA RESINADA 10MM | C71: M2 | D71: 98.67
A72: 1005005 | B72: TAPUME METÁLICO COM TELHA METÁLICA, SEM PINTURA, TRAPEZOIDAL 40 ESP=0,43MM, COLUNAS, BASES E PARAFUSOS | C72: M2 | D72: 172.3
A73: 1005006 | B73: PORTÃO METÁLICO DE OBRA - 5M, PIVOTANTE, 2 FOLHAS, PARA TAPUME | C73: M2 | D73: 291.99
A74: 1005007 | B74: PORTÃO DE PEDESTRES - 1,15M, PARA TAPUME | C74: M2 | D74: 286.83
A75: 1005040 | B75: TELA PARA PROTEÇÃO DE OBRAS, MALHA 2 MM | C75: M2 | D75: 33.23
A76: 2000000 | B76: FUNDACOES
A77: 2001000 | B77: FUNDAÇÃO PROFUNDA | C77: . | D77: .
A78: 2001001 | B78: BROCA DE CONCRETO - DIÂMETRO DE 20CM | C78: M | D78: 64.07
A79: 2001002 | B79: BROCA DE CONCRETO - DIÂMETRO DE 25CM | C79: M | D79: 97.05
A80: 2001003 | B80: BROCA DE CONCRETO - DIÂMETRO DE 30CM | C80: M | D80: 144.35
A81: 2001005 | B81: ESTACA DE CONCRETO MOLDADA NO LOCAL, TIPO "STRAUSS" - ATÉ 20T | C81: M | D81: 67.27
A82: 2001006 | B82: ESTACA DE CONCRETO MOLDADA NO LOCAL, TIPO "STRAUSS" - ATÉ 30T | C82: M | D82: 87.93
A83: 2001007 | B83: ESTACA DE CONCRETO MOLDADA NO LOCAL, TIPO "STRAUSS" - ATÉ 40T | C83: M | D83: 110.18
A84: 2001008 | B84: ESTACA DE CONCRETO MOLDADA NO LOCAL, TIPO "STRAUSS" - ATÉ 60T | C84: M | D84: 141.57
A85: 2001020 | B85: TUBULÃO - ESCAVAÇÃO A CÉU ABERTO, COM PÁ E PICARETA | C85: M3 | D85: 623.35
A86: 2001034 | B86: TUBULÃO A CÉU ABERTO FCK=20 MPA | C86: M3 | D86: 837.77
A87: 2001043 | B87: EMENDA DE ESTACA DE CONCRETO PRÉ-MOLDADA - DIÂMETRO 17 CM - 20 T | C87: UN | D87: 41.14
A88: 2001044 | B88: EMENDA DE ESTACA DE CONCRETO PRÉ-MOLDADA - DIÂMETRO 20 CM - 30 T | C88: UN | D88: 46.41
A89: 2001045 | B89: EMENDA DE ESTACA DE CONCRETO PRÉ-MOLDADA - DIÂMETRO 23 CM - 40 T | C89: UN | D89: 54.07
... A122: 2001095 | B122: ESTACA ESCAVADA HÉLICE CONTÍNUA - DIÂMETRO 60CM - EXCLUSIVE MATERIAIS | C122: M | D122: 96.68
A123: 2002000 | B123: VALAS | C123: . | D123: .
A124: 2002001 | B124: ESCAVAÇÃO MANUAL COM PROFUNDIDADE IGUAL OU INFERIOR A 1,50M | C124: M3 | D124: 82.59
A125: 2002002 | B125: ESCAVAÇÃO MANUAL COM PROFUNDIDADE SUPERIOR A 1,50M | C125: M3 | D125: 90.62
A126: 2002005 | B126: ESCORAMENTO DE VALAS - CONTINUO | C126: M2 | D126: 135.09
A127: 2002006 | B127: ESCORAMENTO DE VALAS - DESCONTINUO | C127: M2 | D127: 77.9
A128: 2002010 | B128: APILOAMENTO DO FUNDO DE VALAS, PARA SIMPLES REGULARIZAÇÃO | C128: M2 | D128: 6.47
A129: 2002011 | B129: APILOAMENTO DO FUNDO DE VALAS, COM SOQUETE VIBRATÓRIO | C129: M2 | D129: 4.36
A130: 2002015 | B130: LASTRO DE BRITA | C130: M3 | D130: 237.75
A131: 2002016 | B131: LASTRO DE CONCRETO - 150KG CIM/M3 | C131: M3 | D131: 555.14
A132: 2002017 | B132: LASTRO DE CONCRETO COM AGREGADO RECICLADO - 150 KG CIM/M3 | C132: M3 | D132: 486.15
A133: 2003000 | B133: FUNDAÇÃO - FORMA | C133: . | D133: .
A134: 2003001 | B134: FORMA COMUM DE TÁBUAS DE PINUS | C134: M2 | D134: 89.88
A135: 2003004 | B135: FORMA COMUM DE TÁBUAS DE PINUS - NÃO RECUPERÁVEL | C135: M2 | D135: 108.42
A136: 2004000 | B136: FUNDAÇÃO - ARMADURA | C136: . | D136: .
A137: 2004004 | B137: ARMADURA EM AÇO CA-50 | C137: KG | D137: 10.22
A138: 2004007 | B138: ARMADURA EM AÇO CA-60 | C138: KG | D138: 10.62
A139: 2004009 | B139: ARMADURA EM AÇO CA-60 - TELA | C139: KG | D139: 10.23
A140: 2005000 | B140: FUNDAÇÃO - CONCRETO | C140: . | D140: .
A141: 2005005 | B141: CONCRETO FCK=15,0MPA - VIRADO NA OBRA | C141: M3 | D141: 629.8
A142: 2005006 | B142: CONCRETO FCK=20,0MPA - VIRADO NA OBRA | C142: M3 | D142: 646.68
A143: 2005008 | B143: CONCRETO FCK=15,0MPA - USINADO | C143: M3 | D143: 497.15
A144: 2005009 | B144: CONCRETO FCK=20,0MPA - USINADO | C144: M3 | D144: 519.45
A145: 2005010 | B145: CONCRETO FCK=25MPA - USINADO | C145: M3 | D145: 542.42
A146: 2005011 | B146: CONCRETO FCK=30MPA - USINADO | C146: M3 | D146: 566.49
A147: 2006000 | B147: EMBASAMENTO | C147: . | D147: .
A148: 2006001 | B148: ALVENARIA DE EMBASAMENTO - TIJOLOS MACIÇOS COMUNS | C148: M3 | D148: 1145.28
A149: 2006002 | B149: ALVENARIA DE EMBASAMENTO - BLOCOS VAZADO DE CONCRETO ESTRUTURAL - 14CM - 10MPA | C149: M2 | D149: 161.87
A150: 2006005 | B150: IMPERMEABILIZAÇÃO DO RESPALDO DA FUNDAÇÃO - ARGAMASSA IMPERMEÁVEL | C150: M2 | D150: 129.64
A151: 2006010 | B151: REATERRO DE VALAS, INCLUSIVE APILOAMENTO | C151: M3 | D151: 29.52
A152: 2050000 | B152: DEMOLIÇÕES | C152: . | D152: .
A153: 2050001 | B153: DEMOLIÇÃO DE ALVENARIA DE EMBASAMENTO - TIJOLOS MACIÇOS COMUNS | C153: M3 | D153: 87.31
A154: 2050003 | B154: DEMOLIÇÃO MANUAL DE CONCRETO SIMPLES | C154: M3 | D154: 284.81
A155: 2050004 | B155: DEMOLIÇÃO MANUAL DE CONCRETO ARMADO | C155: M3 | D155: 517.83
...

Sheet Edif_Com Desoneração_JUL24
A1: SECRETARIA DE INFRAESTRUTURA URBANA E OBRAS
A2: CUSTOS UNITÁRIOS DE EDIFICAÇÕES - COM DESONERAÇÃO | C2: DATA-BASE: JUL/25
A3: CÓDIGO | B3: DESCRIÇÃO | C3: UNIDADE | D3: CUSTO UNIT R$
A4: 1000000 | B4: SERVICOS PRELIMINARES
A5: 1001000 | B5: LIMPEZA DO TERRENO | C5: . | D5: .
A6: 1001001 | B6: LIMPEZA MECANIZADA GERAL, INCLUSIVE REMOÇÃO DA COBERTURA VEGETAL - TRONCOS COM DIÂMETRO ATÉ 10CM - SEM TRANSPORTE | C6: M2 | D6: 1.72
A7: 1001002 | B7: DESTOCAMENTO, INCLUSIVE REMOÇÃO DAS RAÍZES - DIÂMETROS DE 10,01 À 30CM | C7: UN | D7: 56.18
A8: 1001003 | B8: DESTOCAMENTO, INCLUSIVE REMOÇÃO DAS RAÍZES - DIÂMETRO 30,01 À 50 CM | C8: UN | D8: 156.18
A9: 1001004 | B9: DESTOCAMENTO, INCLUSIVE REMOÇÃO DAS RAÍZES - DIÂMETROS MAIORES QUE 50 CM | C9: UN | D9: 186.07
A10: 1001005 | B10: CARGA MECANIZADA E REMOÇÃO DE ENTULHO, INCLUSIVE TRANSPORTE ATÉ 1KM | C10: M3 | D10: 12.05
A11: 1001006 | B11: CARGA MANUAL E REMOÇÃO DE ENTULHO, INCLUSIVE TRANSPORTE ATÉ 1 KM | C11: M3 | D11: 51.74
A12: 1001007 | B12: REMOÇÃO DE ENTULHO COM CAÇAMBA METÁLICA, INCLUSIVE CARGA MANUAL E DESCARGA EM BOTA-FORA | C12: M3 | D12: 159.58
A13: 1001008 | B13: LIMPEZA MANUAL GERAL INCLUSIVE REMOÇÃO DE COBERTURA VEGETAL - TRONCO ATÉ 10CM - SEM TRANSPORTE | C13: M2 | D13: 5.95
A14: 1001009 | B14: DESTOCAMENTO MANUAL, INCLUSIVE REMOÇÃO DE RAÍZES - DIÂMETRO 10,01 À 30 CM | C14: UN | D14: 71.45
A15: 1001010 | B15: TRANSPORTE DE ENTULHO POR CAMINHÃO BASCULANTE, A PARTIR DE 1KM | C15: M3XKM | D15: 1.68
A16: 1001020 | B16: CORTE, RECORTE E REMOÇÃO DE ÁRVORES INCLUSIVE RAIZES DIÂM. > 5 E < 15CM | C16: UN | D16: 216.53
A17: 1001021 | B17: CORTE, RECORTE E REMOÇÃO DE ÁRVORES INCLUSIVE RAIZES DIÂM. > 15 E < 30CM | C17: UN | D17: 561.1
... A20: 1001024 | B20: CORTE, RECORTE E REMOÇÃO DE ÁRVORES INCLUSIVE RAIZES DIÂM. > 90CM | C20: UN | D20: 981.93
A21: 1002000 | B21: MOVIMENTO DE TERRA MANUAL | C21: . | D21: .
A22: 1002001 | B22: CORTE | C22: M3 | D22: 47.63
A23: 1002002 | B23: CORTE E ESPALHAMENTO DENTRO DA OBRA | C23: M3 | D23: 59.54
A24: 1002005 | B24: ATERRO, INCLUSIVE COMPACTAÇÃO MANUAL | C24: M3 | D24: 42.39
A25: 1002010 | B25: CARGA MECANIZADA E REMOÇÃO DE TERRA, INCLUSIVE TRANSPORTE ATÉ 1KM | C25: M3 | D25: 17.17
A26: 1002011 | B26: CARGA MANUAL E REMOÇÃO DE TERRA, INCLUSIVE TRANSPORTE ATÉ 1 KM | C26: M3 | D26: 40.24
A27: 1003000 | B27: MOVIMENTO DE TERRA MECANIZADO | C27: . | D27: .
A28: 1003001 | B28: CORTE E ESPALHAMENTO DENTRO DA OBRA | C28: M3 | D28: 17.23
A29: 1003002 | B29: CORTE E ATERRO COMPACTADO | C29: M3 | D29: 20.44
A30: 1003003 | B30: CORTE E CARREGAMENTO PARA BOTA-FORA, INCLUSIVE TRANSPORTE ATÉ 1KM | C30: M3 | D30: 28.21
A31: 1003005 | B31: FORNECIMENTO DE TERRA, INCLUSIVE CORTE, CARGA, DESCARGA E TRANSPORTE ATÉ 1KM | C31: M3 | D31: 31.87
A32: 1003006 | B32: ATERRO, INCLUSIVE COMPACTAÇÃO | C32: M3 | D32: 7.82
A33: 1003010 | B33: TRANSPORTE DE TERRA POR CAMINHÃO BASCULANTE, A PARTIR DE 1KM | C33: M3XKM | D33: 3
A34: 1004000 | B34: DRENAGEM DO TERRENO | C34: . | D34: .
A35: 1004001 | B35: ESCAVAÇÃO MANUAL, PROFUNDIDADE IGUAL OU INFERIOR A 1,50M | C35: M3 | D35: 75.97
A36: 1004002 | B36: ESCAVAÇÃO MANUAL, PROFUNDIDADE SUPERIOR A 1,50M | C36: M3 | D36: 83.35
A37: 1004005 | B37: ESCORAMENTO DE VALAS, CONTINUO | C37: M2 | D37: 128.76
A38: 1004006 | B38: ESCORAMENTO DE VALAS, DESCONTINUO | C38: M2 | D38: 74.11
A39: 1004010 | B39: APILOAMENTO DO FUNDO DE VALAS, PARA SIMPLES REGULARIZAÇÃO | C39: M2 | D39: 5.95
A40: 1004014 | B40: LASTRO DE AGREGADO RECICLADO | C40: M3 | D40: 147.89
A41: 1004015 | B41: LASTRO DE BRITA | C41: M3 | D41: 233.59
A42: 1004016 | B42: LASTRO DE CONCRETO, 150KG CIM/M3 | C42: M3 | D42: 537.53
A43: 1004017 | B43: LASTRO DE CONCRETO COM AGREGADO RECICLADO, 150 KG CIM/M3 | C43: M3 | D43: 468.54
A44: 1004020 | B44: HD.23 - TUBO DE PEAD CORRUGADO E PERFURADOPARA DRENAGEM - DIÂMETRO 2,5" (EM ACORDO COM AS NORMAS DNIT 093/06, NBR 15073 E NBR 14692) | C44: M | D44: 16.7
A45: 1004021 | B45: HD.23 - TUBO DE PEAD CORRUGADO E PERFURADOPARA DRENAGEM - DIÂMETRO 3,0" (EM ACORDO COM AS NORMAS DNIT 093/06, NBR 15073 E NBR 14692) | C45: M | D45: 17.47
A46: 1004022 | B46: HD.23 - TUBO DE PEAD CORRUGADO E PERFURADOPARA DRENAGEM - DIÂMETRO 4,0" (EM ACORDO COM AS NORMAS DNIT 093/06, NBR 15073 E NBR 14692) | C46: M | D46: 20.37
... A68: 1004080 | B68: REATERRO DE VALAS, INCLUSIVE COMPACTAÇÃO | C68: M3 | D68: 16
A69: 1005000 | B69: TAPUMES | C69: . | D69: .
A70: 1005001 | B70: TAPUME CHAPA COMPENSADA 6MM | C70: M2 | D70: 85.3
A71: 1005002 | B71: TAPUME CHAPA COMPENSADA RESINADA 10MM | C71: M2 | D71: 94.88
A72: 1005005 | B72: TAPUME METÁLICO COM TELHA METÁLICA, SEM PINTURA, TRAPEZOIDAL 40 ESP=0,43MM, COLUNAS, BASES E PARAFUSOS | C72: M2 | D72: 163.55
A73: 1005006 | B73: PORTÃO METÁLICO DE OBRA - 5M, PIVOTANTE, 2 FOLHAS, PARA TAPUME | C73: M2 | D73: 283.24
A74: 1005007 | B74: PORTÃO DE PEDESTRES - 1,15M, PARA TAPUME | C74: M2 | D74: 278.08
A75: 1005040 | B75: TELA PARA PROTEÇÃO DE OBRAS, MALHA 2 MM | C75: M2 | D75: 30.96
A76: 2000000 | B76: FUNDACOES
A77: 2001000 | B77: FUNDAÇÃO PROFUNDA | C77: . | D77: .
A78: 2001001 | B78: BROCA DE CONCRETO - DIÂMETRO DE 20CM | C78: M | D78: 60.39
A79: 2001002 | B79: BROCA DE CONCRETO - DIÂMETRO DE 25CM | C79: M | D79: 91.54
A80: 2001003 | B80: BROCA DE CONCRETO - DIÂMETRO DE 30CM | C80: M | D80: 136.05
A81: 2001005 | B81: ESTACA DE CONCRETO MOLDADA NO LOCAL, TIPO "STRAUSS" - ATÉ 20T | C81: M | D81: 67.06
A82: 2001006 | B82: ESTACA DE CONCRETO MOLDADA NO LOCAL, TIPO "STRAUSS" - ATÉ 30T | C82: M | D82: 87.72
A83: 2001007 | B83: ESTACA DE CONCRETO MOLDADA NO LOCAL, TIPO "STRAUSS" - ATÉ 40T | C83: M | D83: 109.97
A84: 2001008 | B84: ESTACA DE CONCRETO MOLDADA NO LOCAL, TIPO "STRAUSS" - ATÉ 60T | C84: M | D84: 141.26
A85: 2001020 | B85: TUBULÃO - ESCAVAÇÃO A CÉU ABERTO, COM PÁ E PICARETA | C85: M3 | D85: 573.36
A86: 2001034 | B86: TUBULÃO A CÉU ABERTO FCK=20 MPA | C86: M3 | D86: 807.7
A87: 2001043 | B87: EMENDA DE ESTACA DE CONCRETO PRÉ-MOLDADA - DIÂMETRO 17 CM - 20 T | C87: UN | D87: 41.14
A88: 2001044 | B88: EMENDA DE ESTACA DE CONCRETO PRÉ-MOLDADA - DIÂMETRO 20 CM - 30 T | C88: UN | D88: 46.41
A89: 2001045 | B89: EMENDA DE ESTACA DE CONCRETO PRÉ-MOLDADA - DIÂMETRO 23 CM - 40 T | C89: UN | D89: 54.07
... A122: 2001095 | B122: ESTACA ESCAVADA HÉLICE CONTÍNUA - DIÂMETRO 60CM - EXCLUSIVE MATERIAIS | C122: M | D122: 96.47
A123: 2002000 | B123: VALAS | C123: . | D123: .
A124: 2002001 | B124: ESCAVAÇÃO MANUAL COM PROFUNDIDADE IGUAL OU INFERIOR A 1,50M | C124: M3 | D124: 75.97
A125: 2002002 | B125: ESCAVAÇÃO MANUAL COM PROFUNDIDADE SUPERIOR A 1,50M | C125: M3 | D125: 83.35
A126: 2002005 | B126: ESCORAMENTO DE VALAS - CONTINUO | C126: M2 | D126: 128.77
A127: 2002006 | B127: ESCORAMENTO DE VALAS - DESCONTINUO | C127: M2 | D127: 74.11
A128: 2002010 | B128: APILOAMENTO DO FUNDO DE VALAS, PARA SIMPLES REGULARIZAÇÃO | C128: M2 | D128: 5.95
A129: 2002011 | B129: APILOAMENTO DO FUNDO DE VALAS, COM SOQUETE VIBRATÓRIO | C129: M2 | D129: 4.09
A130: 2002015 | B130: LASTRO DE BRITA | C130: M3 | D130: 233.59
A131: 2002016 | B131: LASTRO DE CONCRETO - 150KG CIM/M3 | C131: M3 | D131: 537.53
A132: 2002017 | B132: LASTRO DE CONCRETO COM AGREGADO RECICLADO - 150 KG CIM/M3 | C132: M3 | D132: 468.54
A133: 2003000 | B133: FUNDAÇÃO - FORMA | C133: . | D133: .
A134: 2003001 | B134: FORMA COMUM DE TÁBUAS DE PINUS | C134: M2 | D134: 84.19
A135: 2003004 | B135: FORMA COMUM DE TÁBUAS DE PINUS - NÃO RECUPERÁVEL | C135: M2 | D135: 103.31
A136: 2004000 | B136: FUNDAÇÃO - ARMADURA | C136: . | D136: .
A137: 2004004 | B137: ARMADURA EM AÇO CA-50 | C137: KG | D137: 9.95
A138: 2004007 | B138: ARMADURA EM AÇO CA-60 | C138: KG | D138: 10.35
A139: 2004009 | B139: ARMADURA EM AÇO CA-60 - TELA | C139: KG | D139: 10.04
A140: 2005000 | B140: FUNDAÇÃO - CONCRETO | C140: . | D140: .
A141: 2005005 | B141: CONCRETO FCK=15,0MPA - VIRADO NA OBRA | C141: M3 | D141: 615.04
A142: 2005006 | B142: CONCRETO FCK=20,0MPA - VIRADO NA OBRA | C142: M3 | D142: 631.92
A143: 2005008 | B143: CONCRETO FCK=15,0MPA - USINADO | C143: M3 | D143: 493.79
A144: 2005009 | B144: CONCRETO FCK=20,0MPA - USINADO | C144: M3 | D144: 516.09
A145: 2005010 | B145: CONCRETO FCK=25MPA - USINADO | C145: M3 | D145: 539.06
A146: 2005011 | B146: CONCRETO FCK=30MPA - USINADO | C146: M3 | D146: 563.13
A147: 2006000 | B147: EMBASAMENTO | C147: . | D147: .
A148: 2006001 | B148: ALVENARIA DE EMBASAMENTO - TIJOLOS MACIÇOS COMUNS | C148: M3 | D148: 1107.25
A149: 2006002 | B149: ALVENARIA DE EMBASAMENTO - BLOCOS VAZADO DE CONCRETO ESTRUTURAL - 14CM - 10MPA | C149: M2 | D149: 156.8
A150: 2006005 | B150: IMPERMEABILIZAÇÃO DO RESPALDO DA FUNDAÇÃO - ARGAMASSA IMPERMEÁVEL | C150: M2 | D150: 124.7
A151: 2006010 | B151: REATERRO DE VALAS, INCLUSIVE APILOAMENTO | C151: M3 | D151: 27.15
A152: 2050000 | B152: DEMOLIÇÕES | C152: . | D152: .
A153: 2050001 | B153: DEMOLIÇÃO DE ALVENARIA DE EMBASAMENTO - TIJOLOS MACIÇOS COMUNS | C153: M3 | D153: 80.31
A154: 2050003 | B154: DEMOLIÇÃO MANUAL DE CONCRETO SIMPLES | C154: M3 | D154: 261.97
A155: 2050004 | B155: DEMOLIÇÃO MANUAL DE CONCRETO ARMADO | C155: M3 | D155: 476.3
...

Sheet PLANILHA
F3: Prazo: | G3: 18 meses
C5: REFORMA E ADAPTAÇÃO DOS QUIOSQUES 01 AO 05 DA ORLA DA PRAIA CENTRO - BERTIOGA
C6: AVENIDA TOMÉ DE SOUZA - CENTRO
C8: BDI 0,00% | F8: L.S.:
B9: ITEM | C9: DESCRIÇÃO DOS SERVIÇOS | D9: UNIDADE | E9: QTDE. | F9: VALOR UNITARIO | G9: VALOR TOTAL
B11: SERVIÇOS CONVENIADOS
B12: 100 | C12: SERVIÇOS PRELIMINARES | G12: =SUM(G13:G18) -> 0
A13: 1 | B13: 1.1 | C13: Placa de identificação para obra | D13: M2 | E13: 16 | G13: =E13*F13 -> 0
A14: 2 | B14: 1.2 | C14: Locação de container tipo depósito - área mínima de 13,80 m² | D14: UNXMÊS | E14: 18 | G14: =E14*F14 -> 0
A15: 3 | B15: 1.3 | C15: TAPUME COM TELHA METÁLICA. AF_03/2024 | D15: M2 | E15: 861 | G15: =E15*F15 -> 0
A16: 4 | B16: 1.4 | C16: Montagem e desmontagem de andaime torre metálica com altura superior a 10 m | D16: M | E16: 250 | G16: =E16*F16 -> 0
A17: 5 | B17: 1.5 | C17: Andaime torre metálico (1,5 x 1,5 m) com piso metálico | D17: MXMÊS | E17: 4500 | G17: =E17*F17 -> 0
A18: 5.1 | B18: 1.6 | C18: MOBILIZAÇÃO E INSTALAÇÃO DE 1 EQUIPAMENTO | D18: UN | E18: 4 | G18: =E18*F18 -> 0
A20: 6 | C20: QUIOSQUES | G20: =G21+G174+G259+G398+G483+G636 -> 0
A21: 7 | B21: 2.00 | C21: QUIOSQUE 1 - GASTRONOMIA (FUTURO) | G21: =SUM(G22,G29,G39,G50,G56,G59,G65,G70,G87,G93,G114,G147,G152,G158) -> 0
A22: 8 | B22: 2.1 | C22: ESTRUTURA METALICA PARA COBERTURA | G22: =SUM(G23:G28) -> 0
A23: 8.1 | B23: 2.1.1 | C23: FORNECIMENTO DE ESTRUTURA METÁLICA PARA COBERTURA | D23: KG | E23: 1223.75 | G23: =E23*F23 -> 0
A24: 8.2 | B24: 2.1.2 | C24: MONTAGEM DE ESTRUTURA METÁLICA PARA COBERTURA | D24: KG | E24: 1223.75 | G24: =E24*F24 -> 0
A25: 8.3 | B25: 2.1.3 | C25: Remoção de pintura em superfícies de madeira e/ou metálicas com lixamento | D25: M2 | E25: 277.2 | G25: =E25*F25 -> 0
A26: 9 | B26: 2.1.4 | C26: Esmalte à base água em superfície metálica, inclusive preparo | D26: M2 | E26: 277.2 | G26: =E26*F26 -> 0
A27: 11 | B27: 2.1.5 | C27: Tratamento de armadura com produto anticorrosivo a base de zinco | D27: M2 | E27: 277.2 | G27: =E27*F27 -> 0
A28: 11.1 | B28: 2.1.6 | C28: Limpeza de armadura com escova de aço | D28: M2 | E28: 80 | G28: =E28*F28 -> 0
A29: 12 | B29: 2.2 | C29: COBERTURA | G29: =SUM(G30:G38) -> 0
A30: 13 | B30: 2.2.1 | C30: Retirada de telhamento perfil e material qualquer, exceto barro | D30: M2 | E30: 277.2 | G30: =E30*F30 -> 0
A31: 14 | B31: 2.2.2 | C31: Calha, rufo, afins em chapa galvanizada nº 24 - corte 0,50 m | D31: M | E31: 127.4 | G31: =E31*F31 -> 0
A32: 15 | B32: 2.2.3 | C32: Telhamento em chapa de aço pré-pintada, perfil ondulado, com espessura de 0,50mm | D32: M2 | E32: 554.4 | G32: =E32*F32 -> 0
A33: 16 | B33: 2.2.4 | C33: Remoção de entulho separado de obra com caçamba metálica - terra, alvenaria, concreto, argamassa, madeira, papel, plástico ou metal | D33: M3 | E33: 8.32 | G33: =E33*F33 -> 0
A34: 19 | B34: 2.2.5 | C34: Impermeabilização em manta asfáltica tipo III-B, espessura de 3 mm, face exposta em geotêxtil, com membrana acrílica | D34: M2 | E34: 290.95 | G34: =E34*F34 -> 0
A35: 19.1 | B35: 2.2.6 | C35: Lã de vidro e/ou lã de rocha com espessura de 2´ | D35: M2 | E35: 581.9 | G35: =E35*F35 -> 0
A36: 19.2 | B36: 2.2.7 | C36: Forro em placa de gesso liso, espessura de 12,5mm, fixo | D36: M2 | E36: 290.95 | G36: =E36*F36 -> 0
A37: 19.3 | B37: 2.2.8 | C37: TRATAMENTO E CALAFETAÇÃO DO PARAFUSO COM PU 30/40 | D37: UNID | E37: 80 | G37: =E37*F37 -> 0
A38: 19.4 | B38: 2.2.9 | C38: PARAFUSO INOX | D38: UNID | E38: 240 | G38: =E38*F38 -> 0
A39: 20 | B39: 2.3 | C39: REVESTIMENTO/PISO | G39: =SUM(G40:G48) -> 0
A40: 21 | B40: 2.3.1 | C40: Revestimento em placa cerâmica esmaltada de 20x20 cm, tipo monocolor, assentado e rejuntado com argamassa industrializada | D40: M2 | E40: 34.53 | G40: =E40*F40 -> 0
A41: 22 | B41: 2.3.2 | C41: Revestimento em porcelanato esmaltado antiderrapante para área externa e ambiente com alto tráfego, grupo de absorção BIa, assentado com argamassa colante industrializada, rejuntado | D41: M2 | E41: 301.08 | G41: =E41*F41 -> 0
A42: 24 | B42: 2.3.3 | C42: Tampo/bancada em granito, com frontão, espessura de 2 cm, acabamento polido | D42: M2 | E42: 5.59 | G42: =E42*F42 -> 0
A43: 25 | B43: 2.3.4 | C43: Revestimento sintético de borracha ou PVC colorido, para sinalização tátil de alerta / direcional - colado | D43: M2 | E43: 1.5 | G43: =E43*F43 -> 0
A44: 25.1 | B44: 2.3.5 | C44: Apicoamento manual de piso, parede ou teto | D44: M2 | E44: 301.08 | G44: =E44*F44 -> 0
A45: 25.2 | B45: 2.3.6 | C45: Demolição mecanizada de concreto armado, inclusive fragmentação, carregamento, transporte até 1 quilômetro e descarregamento | D45: M3 | E45: 19.25 | G45: =E45*F45 -> 0
A46: 25.3 | B46: 2.3.7 | C46: Carga manual de solo | D46: M3 | E46: 25.03 | G46: =E46*F46 -> 0
A47: 25.4 | B47: 2.3.8 | C47: Remoção de entulho separado de obra com caçamba metálica - terra, alvenaria, concreto, argamassa, madeira, papel, plástico ou metal | D47: M3 | E47: 25.03 | G47: =E47*F47 -> 0
A48: 25.5 | B48: 2.3.9 | C48: Argamassa de regularização e/ou proteção | D48: M3 | E48: 19.25 | G48: =E48*F48 -> 0
A49: 26 | C49: FECHAMENTO
A50: 27 | B50: 2.4 | C50: ESQUADRIAS METALICAS | G50: =SUM(G51:G55) -> 0
A51: 28 | B51: 2.4.1 | C51: Porta de entrada de abrir em alumínio, sob medida | D51: M2 | E51: 1.79 | G51: =E51*F51 -> 0
A52: 29 | B52: 2.4.2 | C52: Caixilho em alumínio para pele de vidro, tipo fachada | D52: M2 | E52: 71.91 | G52: =E52*F52 -> 0
A53: 31.1 | B53: 2.4.3 | C53: Caixilho em alumínio de correr, sob medida | D53: M2 | E53: 3.28 | G53: =E53*F53 -> 0
A54: 32.2 | B54: 2.4.4 | C54: FECHADURA DE CENTRO E CONTRA FECHADURA PARA PORTA EM VIDRO TEMPERADO (CONTEMPLA RETIRADA DAS PEÇASEXISTENTES E O FORNECIMENTO E INSTALAÇÃO DAS PEÇAS NOVAS) | D54: UN | E54: 2 | G54: =E54*F54 -> 0
A55: 32.3 | B55: 2.4.5 | C55: KIT TRILHO COM ROLDANA PARA PORTA DE CORRER | D55: UNID | E55: 12.9 | G55: =E55*F55 -> 0
A56: 34 | B56: 2.5 | C56: VIDRO | G56: =SUM(G57:G58) -> 0
A57: 35 | B57: 2.5.1 | C57: Vidro laminado temperado incolor de 16 mm | D57: M2 | E57: 209.23 | G57: =E57*F57 -> 0
A58: 36 | B58: 2.5.2 | C58: Fornecimento e montagem de estrutura tubular em aço ASTM-A572 Grau 50, sem pintura | D58: KG | E58: 1137.83 | G58: =E58*F58 -> 0
A59: 38 | B59: 2.6 | C59: PINTURA | G59: =SUM(G60:G64) -> 0
A60: 39 | B60: 2.6.1 | C60: Tinta acrílica em massa, inclusive preparo | D60: M2 | E60: 325.48 | G60: =E60*F60 -> 0
A61: 40 | B61: 2.6.2 | C61: Massa corrida à base de resina acrílica | D61: M2 | E61: 325.48 | G61: =E61*F61 -> 0
A62: 41 | B62: 2.6.3 | C62: Remoção de pintura em superfícies de madeira e/ou metálicas com lixamento | D62: M2 | E62: 511.48 | G62: =E62*F62 -> 0
A63: 42 | B63: 2.6.4 | C63: Esmalte à base água em superfície metálica, inclusive preparo | D63: M2 | E63: 511.48 | G63: =E63*F63 -> 0
A64: 42.1 | B64: 2.6.5 | C64: Epóxi em massa, inclusive preparo | D64: M2 | E64: 79.71 | G64: =E64*F64 -> 0
A65: 43 | B65: 2.7 | C65: APARELHOS E METAIS SANITARIOS | G65: =SUM(G66:G69) -> 0
A66: 44 | B66: 2.7.1 | C66: Torneira de mesa para pia com bica móvel e arejador em latão fundido cromado | D66: UN. | E66: 4 | G66: =E66*F66 -> 0
A67: 45 | B67: 2.7.2 | C67: Válvula americana | D67: UN. | E67: 4 | G67: =E67*F67 -> 0
A68: 46 | B68: 2.7.3 | C68: Sifão plástico com copo, rígido, de 1 1/4´ x 2´ | D68: UN. | E68: 4 | G68: =E68*F68 -> 0
A69: 47 | B69: 2.7.4 | C69: Cuba em aço inoxidável simples de 500x400x400mm | D69: UN. | E69: 4 | G69: =E69*F69 -> 0
A70: 49 | B70: 2.8 | C70: INSTALAÇÃO HIDRAULICA | G70: =SUM(G71:G86) -> 0
A71: 50 | B71: 2.8.1 | C71: Registro de gaveta em latão fundido cromado com canopla, DN= 3/4´ - linha especial | D71: UN. | E71: 1 | G71: =E71*F71 -> 0
A72: 51 | B72: 2.8.2 | C72: Caixa sifonada de PVC rígido de 150 x 150 x 50 mm, com grelha | D72: UN. | E72: 1 | G72: =E72*F72 -> 0
A73: 52 | B73: 2.8.3 | C73: CAIXA ENTERRADA HIDRÁULICA RETANGULAR, EM CONCRETO PRÉ-MOLDADO, DIMENSÕES INTERNAS: 0,6X0,6X0,5 M. AF_12/2020 | D73: UN | E73: 2 | G73: =E73*F73 -> 0
A74: 53 | B74: 2.8.4 | C74: Tubo de PVC rígido PxB com virola e anel de borracha, linha esgoto série reforçada ´R´, DN= 100 mm, inclusive conexões | D74: M | E74: 20 | G74: =E74*F74 -> 0
A75: 54 | B75: 2.8.5 | C75: Tubo de PVC rígido, pontas lisas, soldável, linha esgoto série reforçada ´R´, DN= 40 mm, inclusive conexões | D75: M | E75: 20 | G75: =E75*F75 -> 0
A76: 54.1 | B76: 2.8.6 | C76: Tubo de PVC rígido soldável marrom, DN= 25 mm, (3/4´), inclusive conexões | D76: M | E76: 50 | G76: =E76*F76 -> 0
A77: 54.2 | B77: 2.8.7 | C77: Tubo de PVC rígido soldável marrom, DN= 50 mm, (1 1/2´), inclusive conexões | D77: M | E77: 15 | G77: =E77*F77 -> 0
A78: 54.3 | B78: 2.8.8 | C78: Caixa de gordura em PVC com tampa reforçada - capacidade 19 litros | D78: UN. | E78: 1 | G78: =E78*F78 -> 0
A79: 54.4 | B79: 2.8.9 | C79: Reservatório em polietileno com tampa de encaixar - capacidade de 5.000 litros | D79: UN | E79: 1 | G79: =E79*F79 -> 0
A80: 54.5 | B80: 2.8.10 | C80: Registro de gaveta em latão fundido sem acabamento, DN= 1 1/4´ | D80: UN | E80: 1 | G80: =E80*F80 -> 0
A81: 54.6 | B81: 2.8.11 | C81: Válvula de retenção vertical em bronze, DN= 1 1/4´ | D81: UN | E81: 1 | G81: =E81*F81 -> 0
A82: 54.7 | B82: 2.8.12 | C82: Torneira de boia, DN= 1´ | D82: UN | E82: 1 | G82: =E82*F82 -> 0
A83: 54.8 | B83: 2.8.13 | C83: Entrada completa de água com abrigo e registro de gaveta, DN= 3/4´ | D83: UN | E83: 1 | G83: =E83*F83 -> 0
A84: 54.9 | B84: 2.8.14 | C84: HV.22 - CANALETA DE ALVENARIA PARA GRELHA OU TAMPA DE CONCRETO L=30CM | D84: M | E84: 9 | G84: =E84*F84 -> 0
A85: 54.10 | B85: 2.8.15 | C85: HP.02 - GRELHA DE FERRO PERFILADO PARA CANALETA - L=30CM | D85: M | E85: 9 | G85: =E85*F85 -> 0
A86: 54.11 | B86: 2.8.16 | C86: TUBO PVC, SERIE NORMAL, ESGOTO PREDIAL, DN 100 MM, FORNECIDO E INSTALADO EM PRUMADA DE ESGOTO SANITÁRIO OU VENTILAÇÃO. AF_08/2022 | D86: M | E86: 18 | G86: =E86*F86 -> 0
A87: 55 | B87: 2.9 | C87: INSTALAÇÃO DE GÁS | G87: =SUM(G88:G92) -> 0
A88: 56 | B88: 2.9.1 | C88: Entrada completa de gás GLP com 2 cilindros de 45 kg | D88: UN. | E88: 1 | G88: =E88*F88 -> 0
A89: 57 | B89: 2.9.2 | C89: Tubo de cobre classe A, DN= 15mm (1/2´), inclusive conexões | D89: M | E89: 10 | G89: =E89*F89 -> 0
A90: 57.1 | B90: 2.9.3 | C90: Válvula redutora de pressão de ação direta em bronze, extremidade roscada, para água, ar, óleo e gás, PE= 200 psi e PS= 20 à 90 psi, DN= 1 1/4´ | D90: UN. | E90: 1 | G90: =E90*F90 -> 0
A91: 57.2 | B91: 2.9.4 | C91: Engate flexível metálico DN= 1/2´ | D91: UN. | E91: 1 | G91: =E91*F91 -> 0
A92: 57.3 | B92: 2.9.5 | C92: REGISTRO REGULADOR DE VAZÃO - 1/2" | D92: UN. | E92: 1 | G92: =E92*F92 -> 0
A93: 58 | B93: 2.10 | C93: INSTALAÇÃO DE AR CONDICIONADO | G93: =SUM(G94:G113) -> 0
A94: 59 | B94: 2.10.1 | C94: Ar condicionado a frio, tipo split piso teto com capacidade de 80.000 BTU/h | D94: UN. | E94: 4 | G94: =E94*F94 -> 0
A95: 60 | B95: 2.10.2 | C95: Cortina de ar com duas velocidades, para vão de 1,20 m | D95: CJ | E95: 2 | G95: =E95*F95 -> 0
A96: 60.1 | B96: 2.10.3 | C96: Mão francesa simples, galvanizada a fogo, L= 500 mm | D96: UN | E96: 24 | G96: =E96*F96 -> 0
A97: 61 | B97: 2.10.4 | C97: Tubo de PVC rígido soldável marrom, DN= 25 mm, (3/4´), inclusive conexões | D97: M | E97: 60 | G97: =E97*F97 -> 0
A98: 62 | B98: 2.10.5 | C98: Cabo de cobre flexível de 25 mm², isolamento 0,6/1kV - isolação HEPR 90°C | D98: M | E98: 120 | G98: =E98*F98 -> 0
A99: 63 | B99: 2.10.6 | C99: Cabo de cobre flexível de 50 mm², isolamento 0,6/1kV - isolação HEPR 90°C | D99: M | E99: 15 | G99: =E99*F99 -> 0
A100: 64 | B100: 2.10.7 | C100: Cabo de cobre de 2,5 mm², isolamento 750 V - isolação em PVC 70°C | D100: M | E100: 240 | G100: =E100*F100 -> 0
A101: 65 | B101: 2.10.8 | C101: Cabo de cobre de 6 mm², isolamento 750 V - isolação em PVC 70°C | D101: M | E101: 440 | G101: =E101*F101 -> 0
A102: 67 | B102: 2.10.9 | C102: Dispositivo diferencial residual de 100 A x 30 mA - 4 polos | D102: UN. | E102: 1 | G102: =E102*F102 -> 0
A103: 68 | B103: 2.10.10 | C103: Disjuntor termomagnético, tripolar 220/380 V, corrente de 10 A até 50 A | D103: UN. | E103: 4 | G103: =E103*F103 -> 0
A104: 69 | B104: 2.10.11 | C104: Disjuntor termomagnético, bipolar 220/380 V, corrente de 10 A até 50 A | D104: UN. | E104: 2 | G104: =E104*F104 -> 0
A105: 70 | B105: 2.10.12 | C105: Eletroduto corrugado em polietileno de alta densidade, DN= 125 mm, com acessórios | D105: M | E105: 10 | G105: =E105*F105 -> 0
A106: 71 | B106: 2.10.13 | C106: Eletroduto de PVC rígido roscável de 2 1/2´ - com acessórios | D106: M | E106: 20 | G106: =E106*F106 -> 0
...

Sheet CRONOGRAMA FIS FIN
G4: =PLANILHA!C5 -> REFORMA E ADAPTAÇÃO DOS QUIOSQUES 01 AO 05 DA ORLA DA PRAIA CENTRO - BERTIOGA
G5: =PLANILHA!C6 -> AVENIDA TOMÉ DE SOUZA - CENTRO
A8: CRONOGRAMA FÍSICO / FINANCEIRO
B9: MÊS | C9: MÊS 1 | E9: MÊS 2 | G9: MÊS 3 | I9: MÊS 4 | K9: MÊS 5 | M9: MÊS 6 | O9: MÊS 7 | Q9: MÊS 8 | S9: MÊS 9 | U9: MÊS 10 | W9: MÊS 11 | Y9: MÊS 12 | AA9: MÊS 13 | AC9: MÊS 14 | AE9: MÊS 15 | AG9: MÊS 16 | AI9: MÊS 17 | AK9: MÊS 18 | AM9: TOTAL | AO9: Peso (%)
A10: SERVIÇOS | C10: =1 -> 1 | D10: =30 -> 30 | E10: =C10+1 -> 2 | F10: =D10+30 -> 60 | G10: =E10+1 -> 3 | H10: =F10+30 -> 90 | I10: =G10+1 -> 4 | J10: =H10+30 -> 120 | K10: =I10+1 -> 5 | L10: =J10+30 -> 150 | M10: =K10+1 -> 6 | N10: =L10+30 -> 180 | O10: =M10+1 -> 7 | P10: =N10+30 -> 210 | Q10: =O10+1 -> 8 | R10: =P10+30 -> 240 | S10: =Q10+1 -> 9 | T10: =R10+30 -> 270 | U10: =S10+1 -> 10 | V10: =T10+30 -> 300 | W10: =U10+1 -> 11 | X10: =V10+30 -> 330 | Y10: =W10+1 -> 12 | Z10: =X10+30 -> 360 | AA10: =Y10+1 -> 13 | AB10: =Z10+30 -> 390 | AC10: =AA10+1 -> 14 | AD10: =AB10+30 -> 420 | AE10: =AC10+1 -> 15 | AF10: =AD10+30 -> 450 | AG10: =AE10+1 -> 16 | AH10: =AF10+30 -> 480 | AI10: =AG10+1 -> 17 | AJ10: =AH10+30 -> 510 | AK10: =AI10+1 -> 18 | AL10: =AJ10+30 -> 540
A11: 100 | B11: SERVIÇOS PRELIMINARES | AM11: =PLANILHA!G12 -> 0 | AN11: =SUM(C12:AL12) -> 0
C12: 0 | E12: 0 | G12: 0 | I12: 0 | K12: 0 | M12: 0 | O12: 0 | Q12: 0 | S12: 0 | U12: 0 | W12: 0 | Y12: 0 | AA12: 0 | AC12: 0 | AE12: 0 | AG12: 0 | AI12: 0 | AK12: 0 | AN12: =SUM(G13:R13) -> 0 | AP12: =AN12/1.2977 -> 0
C13: =C12*$AM11 -> 0 | E13: =E12*$AM11 -> 0 | G13: =G12*$AM11 -> 0 | I13: =I12*$AM11 -> 0 | K13: =K12*$AM11 -> 0 | M13: =M12*$AM11 -> 0 | O13: =O12*$AM11 -> 0 | Q13: =Q12*$AM11 -> 0 | S13: =S12*$AM11 -> 0 | U13: =U12*$AM11 -> 0 | W13: =W12*$AM11 -> 0 | Y13: =Y12*$AM11 -> 0 | AA13: =AA12*$AM11 -> 0 | AC13: =AC12*$AM11 -> 0 | AE13: =AE12*$AM11 -> 0 | AG13: =AG12*$AM11 -> 0 | AI13: =AI12*$AM11 -> 0 | AK13: =AK12*$AM11 -> 0 | AO13: =AM11/AM$36 -> #DIV/0! | AP13: =AN13/1.2977 -> 0
A14: 200 | B14: QUIOSQUE 01 | AM14: =PLANILHA!G21 -> 0 | AN14: =SUM(C15:AL15) -> 0 | AP14: =AN14/1.2977 -> 0
W15: 0 | Y15: 0 | AA15: 0 | AC15: 0 | AN15: =SUM(G16:R16) -> 0 | AP15: =AN15/1.2977 -> 0
W16: =W15*$AM14 -> 0 | Y16: =Y15*$AM14 -> 0 | AA16: =AA15*$AM14 -> 0 | AC16: =AC15*$AM14 -> 0 | AO16: =AM14/AM$36 -> #DIV/0! | AP16: =AN16/1.2977 -> 0
A17: 300 | B17: QUIOSQUE 02 | AM17: =PLANILHA!G174 -> 0 | AN17: =SUM(C18:AL18) -> 0 | AP17: =AN17/1.2977 -> 0
K18: 0 | M18: 0 | O18: 0 | AN18: =SUM(G19:R19) -> 0 | AP18: =AN18/1.2977 -> 0
K19: =K18*$AM17 -> 0 | M19: =M18*$AM17 -> 0 | O19: =O18*$AM17 -> 0 | AO19: =AM17/AM$36 -> #DIV/0! | AP19: =AN19/1.2977 -> 0
A20: #REF! | B20: #REF!
Q21: 1 | S21: 1 | U21: 1 | W21: 1 | Y21: 1 | AA21: 1 | AC21: 1 | AE21: 1
Q22: =Q21*$AM20 -> 0 | S22: =S21*$AM20 -> 0 | U22: =U21*$AM20 -> 0 | W22: =W21*$AM20 -> 0 | Y22: =Y21*$AM20 -> 0 | AA22: =AA21*$AM20 -> 0 | AC22: =AC21*$AM20 -> 0 | AE22: =AE21*$AM20 -> 0
A23: 400 | B23: QUIOSQUE 03 | AM23: =PLANILHA!G259 -> 0 | AN23: =SUM(C24:AL24) -> 0 | AP23: =AN23/1.2977 -> 0
C24: 0 | E24: 0 | G24: 0 | I24: 0 | AP24: =AN24/1.2977 -> 0
C25: =C24*$AM23 -> 0 | E25: =E24*$AM23 -> 0 | G25: =G24*$AM23 -> 0 | I25: =I24*$AM23 -> 0 | AO25: =AM23/AM$36 -> #DIV/0! | AP25: =AN25/1.2977 -> 0
A26: 500 | B26: QUIOSQUE 04 | AM26: =PLANILHA!G398 -> 0 | AN26: =SUM(C27:AL27) -> 0 | AP26: =AN26/1.2977 -> 0
Q27: 0 | S27: 0 | U27: 0 | AN27: =SUM(G28:R28) -> 0 | AP27: =AN27/1.2977 -> 0
Q28: =Q27*$AM26 -> 0 | S28: =S27*$AM26 -> 0 | U28: =U27*$AM26 -> 0 | AO28: =AM26/AM$36 -> #DIV/0! | AP28: =AN28/1.2977 -> 0
A29: 600 | B29: QUIOSQUE 05 | AM29: =PLANILHA!G483 -> 0 | AN29: =SUM(C30:AL30) -> 0 | AP29: =AN29/1.2977 -> 0
AE30: 0 | AG30: 0 | AI30: 0 | AK30: 0 | AN30: =SUM(G31:R31) -> 0 | AP30: =AN30/1.2977 -> 0
AE31: =AE30*$AM29 -> 0 | AG31: =AG30*$AM29 -> 0 | AI31: =AI30*$AM29 -> 0 | AK31: =AK30*$AM29 -> 0 | AO31: =AM29/AM$36 -> #DIV/0! | AP31: =AN31/1.2977 -> 0
A32: 600 | B32: ACRESCIMOS DE SERVIÇOS PARA TODOS QUIOSQUES | AM32: =PLANILHA!G636 -> 0 | AN32: =SUM(C33:AL33) -> 0 | AP32: =AN32/1.2977 -> 0
C33: 0 | E33: 0 | G33: 0 | I33: 0 | K33: 0 | M33: 0 | O33: 0 | Q33: 0 | S33: 0 | U33: 0 | W33: 0 | Y33: 0 | AA33: 0 | AC33: 0 | AE33: 0 | AG33: 0 | AI33: 0 | AK33: 0 | AN33: =SUM(G34:R34) -> 0 | AP33: =AN33/1.2977 -> 0
C34: =C33*$AM32 -> 0 | E34: =E33*$AM32 -> 0 | G34: =G33*$AM32 -> 0 | I34: =I33*$AM32 -> 0 | K34: =K33*$AM32 -> 0 | M34: =M33*$AM32 -> 0 | O34: =O33*$AM32 -> 0 | Q34: =Q33*$AM32 -> 0 | S34: =S33*$AM32 -> 0 | U34: =U33*$AM32 -> 0 | W34: =W33*$AM32 -> 0 | Y34: =Y33*$AM32 -> 0 | AA34: =AA33*$AM32 -> 0 | AC34: =AC33*$AM32 -> 0 | AE34: =AE33*$AM32 -> 0 | AG34: =AG33*$AM32 -> 0 | AI34: =AI33*$AM32 -> 0 | AK34: =AK33*$AM32 -> 0 | AO34: =AM32/AM$36 -> #DIV/0! | AP34: =AN34/1.2977 -> 0
AP35: =AN35/1.2977 -> 0
A36: TOTAL | C36: =C13+C16+C19+C22+C28+C25+C31+C34 -> 0 | E36: =E13+E16+E19+E22+E28+E25+E31+E34 -> 0 | G36: =G13+G16+G19+G22+G28+G25+G31+G34 -> 0 | I36: =I13+I16+I19+I22+I28+I25+I31+I34 -> 0 | K36: =K13+K16+K19+K22+K28+K25+K31+K34 -> 0 | M36: =M13+M16+M19+M22+M28+M25+M31+M34 -> 0 | O36: =O13+O16+O19+O22+O28+O25+O31+O34 -> 0 | Q36: =Q13+Q16+Q19+Q22+Q28+Q25+Q31+Q34 -> 0 | S36: =S13+S16+S19+S22+S28+S25+S31+S34 -> 0 | U36: =U13+U16+U19+U22+U28+U25+U31+U34 -> 0 | W36: =W13+W16+W19+W22+W28+W25+W31+W34 -> 0 | Y36: =Y13+Y16+Y19+Y22+Y28+Y25+Y31+Y34 -> 0 | AA36: =AA13+AA16+AA19+AA22+AA28+AA25+AA31+AA34 -> 0 | AC36: =AC13+AC16+AC19+AC22+AC28+AC25+AC31+AC34 -> 0 | AE36: =AE13+AE16+AE19+AE22+AE28+AE25+AE31+AE34 -> 0 | AG36: =AG13+AG16+AG19+AG22+AG28+AG25+AG31+AG34 -> 0 | AI36: =AI13+AI16+AI19+AI22+AI28+AI25+AI31+AI34 -> 0 | AK36: =AK13+AK16+AK19+AK22+AK28+AK25+AK31+AK34 -> 0 | AM36: =SUM(AM11:AM34) -> 0 | AN36: =SUM(C36:AL36) -> 0
AN37: =PLANILHA!G651 -> 0
